Workbook

Sheet Instructions
A1: Douglas County School District Charter Application: FY 2025-2026
A2: Budget Template Instructions
A4: INSTRUCTIONS SPECIFIC TO DOUGLAS COUNTY SCHOOL DISTRICT
A6: A separate supplemental budget form may be completed by the school; however, this form is mandatory for the DCSD charter application process.
A8: Yellow Cells - On all of the tabs please fill out the yellow cells if applicable.
A9: Green Cells - Cells that are green are pre-populated with data that you can override if you would like to change the assumption.
A10: White Cells - Cannot be overridden, white cells are automatically populated based on formulas calculated from previously entered data.
A11: Grey Cells - Should not contain any information, and nothing can be added into these cells.
A13: 1. Staffing Tab
A14: Enter in the school name at the top of the Staffing Tab on (row 1).
A15: Enter in the number of FTE per grade, per subject area and per support position starting with year 0 (cell C14). Partial FTE can be calculated using the methodology in (cell I4) on the staffing tab. Only the FTE for the positions you wish to staff need to be filled out.
A16: Enter in the average salary for 1 FTE in the position salary column for each of the positions you wish to staff starting with year 0 (starting in cell F14).
... A88: https://docs.google.com/document/d/1WfKUeQlPuQ10x8Z7mzg6eRM_Tk0wWDfXgra5Lqoy_PI/edit?usp=sharing

Sheet Staffing
A1: INSERT SCHOOL NAME
A2: Staffing Plan
A3: FTE Summary | B3: Year 0 | C3: Year 1 | D3: Year 2 | E3: Year 3 | F3: Year 4 | G3: Year 5 | I3: Regardless of full time or part time staff eligibility, FTE is calculated by taking number of hours worked per week divided by 40 hours per week for all positions except for licensed, instructional staffing. For licensed, instructional staffing FTE a 1.0 FTE is the equivalent of 7.5 hours per day for 5 days per week.
A4: Administrative | B4: =SUMIFS($C$14:$C$25,$B$14:$B$25,A4)+SUMIFS($C$32:$C$59,$B$32:$B$59,A4) -> 0 | C4: =SUMIFS($H$14:$H$25,$B$14:$B$25,A4)+SUMIFS($H$32:$H$59,$B$32:$B$59,A4) -> 0 | D4: =SUMIFS($M$14:$M$25,$B$14:$B$25,A4)+SUMIFS($M$32:$M$59,$B$32:$B$59,A4) -> 0 | E4: =SUMIFS($R$14:$R$25,$B$14:$B$25,A4)+SUMIFS($R$32:$R$59,$B$32:$B$59,A4) -> 0 | F4: =SUMIFS($W$14:$W$25,$B$14:$B$25,A4)+SUMIFS($W$32:$W$59,$B$32:$B$59,A4) -> 0 | G4: =SUMIFS($AB$14:$AB$25,$B$14:$B$25,A4)+SUMIFS($AB$32:$AB$59,$B$32:$B$59,A4) -> 0 | N4: Cells in yellow should be filled out by applicant
A5: Licensed | B5: =SUMIFS($C$14:$C$25,$B$14:$B$25,A5)+SUMIFS($C$32:$C$59,$B$32:$B$59,A5) -> 0 | C5: =SUMIFS($H$14:$H$25,$B$14:$B$25,A5)+SUMIFS($H$32:$H$59,$B$32:$B$59,A5) -> 0 | D5: =SUMIFS($M$14:$M$25,$B$14:$B$25,A5)+SUMIFS($M$32:$M$59,$B$32:$B$59,A5) -> 0 | E5: =SUMIFS($R$14:$R$25,$B$14:$B$25,A5)+SUMIFS($R$32:$R$59,$B$32:$B$59,A5) -> 0 | F5: =SUMIFS($W$14:$W$25,$B$14:$B$25,A5)+SUMIFS($W$32:$W$59,$B$32:$B$59,A5) -> 0 | G5: =SUMIFS($AB$14:$AB$25,$B$14:$B$25,A5)+SUMIFS($AB$32:$AB$59,$B$32:$B$59,A5) -> 0 | N5: Cells in green calculate from yellow inputs overwrite as needed
A6: Professional | B6: =SUMIFS($C$14:$C$25,$B$14:$B$25,A6)+SUMIFS($C$32:$C$59,$B$32:$B$59,A6) -> 0 | C6: 0 | D6: =SUMIFS($M$14:$M$25,$B$14:$B$25,A6)+SUMIFS($M$32:$M$59,$B$32:$B$59,A6) -> 0 | E6: =SUMIFS($R$14:$R$25,$B$14:$B$25,A6)+SUMIFS($R$32:$R$59,$B$32:$B$59,A6) -> 0 | F6: =SUMIFS($W$14:$W$25,$B$14:$B$25,A6)+SUMIFS($W$32:$W$59,$B$32:$B$59,A6) -> 0 | G6: =SUMIFS($AB$14:$AB$25,$B$14:$B$25,A6)+SUMIFS($AB$32:$AB$59,$B$32:$B$59,A6) -> 0
A7: Classified | B7: =SUMIFS($C$14:$C$25,$B$14:$B$25,A7)+SUMIFS($C$32:$C$59,$B$32:$B$59,A7) -> 0 | C7: =SUMIFS($H$14:$H$25,$B$14:$B$25,A7)+SUMIFS($H$32:$H$59,$B$32:$B$59,A7) -> 0 | D7: =SUMIFS($M$14:$M$25,$B$14:$B$25,A7)+SUMIFS($M$32:$M$59,$B$32:$B$59,A7) -> 0 | E7: =SUMIFS($R$14:$R$25,$B$14:$B$25,A7)+SUMIFS($R$32:$R$59,$B$32:$B$59,A7) -> 0 | F7: =SUMIFS($W$14:$W$25,$B$14:$B$25,A7)+SUMIFS($W$32:$W$59,$B$32:$B$59,A7) -> 0 | G7: =SUMIFS($AB$14:$AB$25,$B$14:$B$25,A7)+SUMIFS($AB$32:$AB$59,$B$32:$B$59,A7) -> 0
A8: Student/Teacher Ratio | B8: =IF(ISERROR(ROUND(($E$60)/B$5,0)&":1"),"0:0",ROUND(($E$60)/B$5,0)&":1") -> 0:0 | C8: =IF(ISERROR(ROUND(($J$60)/C$5,0)&":1"),"0:0",ROUND(($J$60)/C$5,0)&":1") -> 0:0 | D8: =IF(ISERROR(ROUND(($O$60)/D$5,0)&":1"),"0:0",ROUND(($O$60)/D$5,0)&":1") -> 0:0 | E8: =IF(ISERROR(ROUND(($T$60)/E$5,0)&":1"),"0:0",ROUND(($T$60)/E$5,0)&":1") -> 0:0 | F8: =IF(ISERROR(ROUND(($Y$60)/F$5,0)&":1"),"0:0",ROUND(($Y$60)/F$5,0)&":1") -> 0:0 | G8: =IF(ISERROR(ROUND(($AD$60)/G$5,0)&":1"),"0:0",ROUND(($AD$60)/G$5,0)&":1") -> 0:0
A9: Student/Staff Ratio | B9: =IF(ISERROR(ROUND(($E$60)/(B4+B5+B6+B7),0)&":1"),"0:0",ROUND(($E$60)/(B4+B5+B6+B7),0)&":1") -> 0:0 | C9: =IF(ISERROR(ROUND(($J$60)/(C4+C5+C6+C7),0)&":1"),"0:0",ROUND(($J$60)/(C4+C5+C6+C7),0)&":1") -> 0:0 | D9: =IF(ISERROR(ROUND(($O$60)/(D4+D5+D6+D7),0)&":1"),"0:0",ROUND(($O$60)/(D4+D5+D6+D7),0)&":1") -> 0:0 | E9: =IF(ISERROR(ROUND(($T$60)/(E4+E5+E6+E7),0)&":1"),"0:0",ROUND(($T$60)/(E4+E5+E6+E7),0)&":1") -> 0:0 | F9: =IF(ISERROR(ROUND(($Y$60)/(F4+F5+F6+F7),0)&":1"),"0:0",ROUND(($Y$60)/(F4+F5+F6+F7),0)&":1") -> 0:0 | G9: =IF(ISERROR(ROUND(($AD$60)/(G4+G5+G6+G7),0)&":1"),"0:0",ROUND(($AD$60)/(G4+G5+G6+G7),0)&":1") -> 0:0 | I9: Example: 20 hours per week is 0.5 FTE
A11: Support Staffing
C12: Year 0 | H12: Year 1 | M12: Year 2 | R12: Year 3 | W12: Year 4 | AB12: Year 5
A13: Position | B13: Position Type | C13: FTE | D13: Class Size | E13: Total Students | F13: Position Salary | G13: Total Salaries | H13: FTE | I13: Class Size | J13: Total Students | K13: Position Salary | L13: Total Salaries | M13: FTE | N13: Class Size | O13: Total Students | P13: Position Salary | Q13: Total Salaries | R13: FTE | S13: Class Size | T13: Total Students | U13: Position Salary | V13: Total Salaries | W13: FTE | X13: Class Size | Y13: Total Students | Z13: Position Salary | AA13: Total Salaries | AB13: FTE | AC13: Class Size | AD13: Total Students | AE13: Position Salary | AF13: Total Salaries
A14: Principal | B14: Administrative | C14: 0 | F14: 0 | G14: =C14*F14 -> 0 | H14: 0 | K14: =F14+(F14*$K$65) -> 0 | L14: =K14*H14 -> 0 | M14: 0 | P14: =K14+(K14*$P$65) -> 0 | Q14: =P14*M14 -> 0 | R14: 0 | U14: =P14+(P14*$U$65) -> 0 | V14: =U14*R14 -> 0 | W14: 0 | Z14: =U14+(U14*$Z$65) -> 0 | AA14: =W14*Z14 -> 0 | AB14: 0 | AE14: =Z14+(Z14*$AE$65) -> 0 | AF14: =AB14*AE14 -> 0
A15: Assistant Principal | B15: Administrative | C15: 0 | F15: 0 | G15: =C15*F15 -> 0 | H15: 0 | K15: =F15+(F15*$K$65) -> 0 | L15: =K15*H15 -> 0 | M15: 0 | P15: =K15+(K15*$P$65) -> 0 | Q15: =P15*M15 -> 0 | R15: 0 | U15: =P15+(P15*$U$65) -> 0 | V15: =U15*R15 -> 0 | W15: 0 | Z15: =U15+(U15*$Z$65) -> 0 | AA15: =W15*Z15 -> 0 | AB15: 0 | AE15: =Z15+(Z15*$AE$65) -> 0 | AF15: =AB15*AE15 -> 0
A16: Business Director | B16: Professional | C16: 0 | F16: 0 | G16: =C16*F16 -> 0 | H16: 0 | K16: =F16+(F16*$K$65) -> 0 | L16: =K16*H16 -> 0 | M16: 0 | P16: =K16+(K16*$P$65) -> 0 | Q16: =P16*M16 -> 0 | R16: 0 | U16: =P16+(P16*$U$65) -> 0 | V16: =U16*R16 -> 0 | W16: 0 | Z16: =U16+(U16*$Z$65) -> 0 | AA16: =W16*Z16 -> 0 | AB16: 0 | AE16: =Z16+(Z16*$AE$65) -> 0 | AF16: =AB16*AE16 -> 0
A17: Athletic Director | B17: Administrative | C17: 0 | F17: 0 | G17: =C17*F17 -> 0 | H17: 0 | K17: =F17+(F17*$K$65) -> 0 | L17: =K17*H17 -> 0 | M17: 0 | P17: =K17+(K17*$P$65) -> 0 | Q17: =P17*M17 -> 0 | R17: 0 | U17: =P17+(P17*$U$65) -> 0 | V17: =U17*R17 -> 0 | W17: 0 | Z17: =U17+(U17*$Z$65) -> 0 | AA17: =W17*Z17 -> 0 | AB17: 0 | AE17: =Z17+(Z17*$AE$65) -> 0 | AF17: =AB17*AE17 -> 0
A18: Social Worker | B18: Licensed | C18: 0 | F18: 0 | G18: =C18*F18 -> 0 | H18: 0 | K18: =F18+(F18*$K$65) -> 0 | L18: =K18*H18 -> 0 | M18: 0 | P18: =K18+(K18*$P$65) -> 0 | Q18: =P18*M18 -> 0 | R18: 0 | U18: =P18+(P18*$U$65) -> 0 | V18: =U18*R18 -> 0 | W18: 0 | Z18: =U18+(U18*$Z$65) -> 0 | AA18: =W18*Z18 -> 0 | AB18: 0 | AE18: =Z18+(Z18*$AE$65) -> 0 | AF18: =AB18*AE18 -> 0
A19: Counselor | B19: Licensed | C19: 0 | F19: 0 | G19: =C19*F19 -> 0 | H19: 0 | K19: =F19+(F19*$K$65) -> 0 | L19: =K19*H19 -> 0 | M19: 0 | P19: =K19+(K19*$P$65) -> 0 | Q19: =P19*M19 -> 0 | R19: 0 | U19: =P19+(P19*$U$65) -> 0 | V19: =U19*R19 -> 0 | W19: 0 | Z19: =U19+(U19*$Z$65) -> 0 | AA19: =W19*Z19 -> 0 | AB19: 0 | AE19: =Z19+(Z19*$AE$65) -> 0 | AF19: =AB19*AE19 -> 0
A20: Office Assistant | B20: Classified | C20: 0 | F20: 0 | G20: =C20*F20 -> 0 | H20: 0 | K20: =F20+(F20*$K$65) -> 0 | L20: =K20*H20 -> 0 | M20: 0 | P20: =K20+(K20*$P$65) -> 0 | Q20: =P20*M20 -> 0 | R20: 0 | U20: =P20+(P20*$U$65) -> 0 | V20: =U20*R20 -> 0 | W20: 0 | Z20: =U20+(U20*$Z$65) -> 0 | AA20: =W20*Z20 -> 0 | AB20: 0 | AE20: =Z20+(Z20*$AE$65) -> 0 | AF20: =AB20*AE20 -> 0
A21: Information Technology | B21: Professional | C21: 0 | F21: 0 | G21: =C21*F21 -> 0 | H21: 0 | K21: =F21+(F21*$K$65) -> 0 | L21: =K21*H21 -> 0 | M21: 0 | P21: =K21+(K21*$P$65) -> 0 | Q21: =P21*M21 -> 0 | R21: 0 | U21: =P21+(P21*$U$65) -> 0 | V21: =U21*R21 -> 0 | W21: 0 | Z21: =U21+(U21*$Z$65) -> 0 | AA21: =W21*Z21 -> 0 | AB21: 0 | AE21: =Z21+(Z21*$AE$65) -> 0 | AF21: =AB21*AE21 -> 0
A22: Security | B22: Classified | C22: 0 | F22: 0 | G22: =C22*F22 -> 0 | H22: 0 | K22: =F22+(F22*$K$65) -> 0 | L22: =K22*H22 -> 0 | M22: 0 | P22: =K22+(K22*$P$65) -> 0 | Q22: =P22*M22 -> 0 | R22: 0 | U22: =P22+(P22*$U$65) -> 0 | V22: =U22*R22 -> 0 | W22: 0 | Z22: =U22+(U22*$Z$65) -> 0 | AA22: =W22*Z22 -> 0 | AB22: 0 | AE22: =Z22+(Z22*$AE$65) -> 0 | AF22: =AB22*AE22 -> 0
A23: Custodian | B23: Classified | C23: 0 | F23: 0 | G23: =C23*F23 -> 0 | H23: 0 | K23: =F23+(F23*$K$65) -> 0 | L23: =K23*H23 -> 0 | M23: 0 | P23: =K23+(K23*$P$65) -> 0 | Q23: =P23*M23 -> 0 | R23: 0 | U23: =P23+(P23*$U$65) -> 0 | V23: =U23*R23 -> 0 | W23: 0 | Z23: =U23+(U23*$Z$65) -> 0 | AA23: =W23*Z23 -> 0 | AB23: 0 | AE23: =Z23+(Z23*$AE$65) -> 0 | AF23: =AB23*AE23 -> 0
A24: BASE staffing | B24: Classified | C24: 0 | F24: 0 | G24: =C24*F24 -> 0 | H24: 0 | K24: =F24+(F24*$K$65) -> 0 | L24: =K24*H24 -> 0 | M24: 0 | P24: =K24+(K24*$P$65) -> 0 | Q24: =P24*M24 -> 0 | R24: 0 | U24: =P24+(P24*$U$65) -> 0 | V24: =U24*R24 -> 0 | W24: 0 | Z24: =U24+(U24*$Z$65) -> 0 | AA24: =W24*Z24 -> 0 | AB24: 0 | AE24: =Z24+(Z24*$AE$65) -> 0 | AF24: =AB24*AE24 -> 0
A25: Other | B25: Classified | C25: 0 | F25: 0 | G25: =C25*F25 -> 0 | H25: 0 | K25: =F25+(F25*$K$65) -> 0 | L25: =K25*H25 -> 0 | M25: 0 | P25: =K25+(K25*$P$65) -> 0 | Q25: =P25*M25 -> 0 | R25: 0 | U25: =P25+(P25*$U$65) -> 0 | V25: =U25*R25 -> 0 | W25: 0 | Z25: =U25+(U25*$Z$65) -> 0 | AA25: =W25*Z25 -> 0 | AB25: 0 | AE25: =Z25+(Z25*$AE$65) -> 0 | AF25: =AB25*AE25 -> 0
A26: Subtotal - Support | C26: =SUM(C14:C25) -> 0 | D26: =SUM(D14:D25) -> 0 | E26: =SUM(E14:E25) -> 0 | G26: =SUM(G14:G25) -> 0 | H26: =SUM(H14:H25) -> 0 | I26: =SUM(I14:I25) -> 0 | J26: =SUM(J14:J25) -> 0 | L26: =SUM(L14:L25) -> 0 | M26: =SUM(M14:M25) -> 0 | N26: =SUM(N14:N25) -> 0 | O26: =SUM(O14:O25) -> 0 | Q26: =SUM(Q14:Q25) -> 0 | R26: =SUM(R14:R25) -> 0 | S26: =SUM(S14:S25) -> 0 | T26: =SUM(T14:T25) -> 0 | V26: =SUM(V14:V25) -> 0 | W26: =SUM(W14:W25) -> 0 | X26: =SUM(X14:X25) -> 0 | Y26: =SUM(Y14:Y25) -> 0 | AA26: =SUM(AA14:AA25) -> 0 | AB26: =SUM(AB14:AB25) -> 0 | AC26: =SUM(AC14:AC25) -> 0 | AD26: =SUM(AD14:AD25) -> 0 | AF26: =SUM(AF14:AF25) -> 0
A29: Instructional Staffing
C30: Year 0 | H30: Year 1 | M30: Year 2 | R30: Year 3 | W30: Year 4 | AB30: Year 5
A31: Position | B31: Position Type | C31: FTE | D31: Class Size | E31: Total Students | F31: Position Salary | G31: Total Salaries | H31: FTE | I31: Class Size | J31: Total Students | K31: Position Salary | L31: Total Salaries | M31: FTE | N31: Class Size | O31: Total Students | P31: Position Salary | Q31: Total Salaries | R31: FTE | S31: Class Size | T31: Total Students | U31: Position Salary | V31: Total Salaries | W31: FTE | X31: Class Size | Y31: Total Students | Z31: Position Salary | AA31: Total Salaries | AB31: FTE | AC31: Class Size | AD31: Total Students | AE31: Position Salary | AF31: Total Salaries
A32: Kindergarten - Half Day | B32: Licensed | G32: =C32*F32 -> 0 | H32: 0 | I32: 0 | J32: =H32*I32 -> 0 | K32: 0 | L32: =(H32*K32) -> 0 | M32: 0 | N32: 0 | O32: =M32*N32 -> 0 | P32: =K32+(K32*$P$66) -> 0 | Q32: =M32*P32 -> 0 | R32: 0 | S32: 0 | T32: =R32*S32 -> 0 | U32: =P32+(P32*$U$66) -> 0 | V32: =R32*U32 -> 0 | W32: 0 | X32: 0 | Y32: =W32*X32 -> 0 | Z32: =U32+(U32*$Z$66) -> 0 | AA32: =Z32*W32 -> 0 | AB32: 0 | AC32: 0 | AD32: =AB32*AC32 -> 0 | AE32: =Z32+(Z32*$AE$66) -> 0 | AF32: =AB32*$AE32 -> 0
A33: Kindergarten - Full Day | B33: Licensed | G33: =C33*F33 -> 0 | H33: 0 | I33: 0 | J33: =H33*I33 -> 0 | K33: 0 | L33: =(H33*K33) -> 0 | M33: 0 | N33: 0 | O33: =M33*N33 -> 0 | P33: =K33+(K33*$P$66) -> 0 | Q33: =M33*P33 -> 0 | R33: 0 | S33: 0 | T33: =R33*S33 -> 0 | U33: =P33+(P33*$U$66) -> 0 | V33: =R33*U33 -> 0 | W33: 0 | X33: 0 | Y33: =W33*X33 -> 0 | Z33: =U33+(U33*$Z$66) -> 0 | AA33: =Z33*W33 -> 0 | AB33: 0 | AC33: 0 | AD33: =AB33*AC33 -> 0 | AE33: =Z33+(Z33*$AE$66) -> 0 | AF33: =AB33*$AE33 -> 0
A34: 1st Grade | B34: Licensed | G34: =C34*F34 -> 0 | H34: 0 | I34: 0 | J34: =H34*I34 -> 0 | K34: 0 | L34: =(H34*K34) -> 0 | M34: 0 | N34: 0 | O34: =M34*N34 -> 0 | P34: =K34+(K34*$P$66) -> 0 | Q34: =M34*P34 -> 0 | R34: 0 | S34: 0 | T34: =R34*S34 -> 0 | U34: =P34+(P34*$U$66) -> 0 | V34: =R34*U34 -> 0 | W34: 0 | X34: 0 | Y34: =W34*X34 -> 0 | Z34: =U34+(U34*$Z$66) -> 0 | AA34: =Z34*W34 -> 0 | AB34: 0 | AC34: 0 | AD34: =AB34*AC34 -> 0 | AE34: =Z34+(Z34*$AE$66) -> 0 | AF34: =AB34*$AE34 -> 0
A35: 2nd Grade | B35: Licensed | G35: =C35*F35 -> 0 | H35: 0 | I35: 0 | J35: =H35*I35 -> 0 | K35: 0 | L35: =(H35*K35) -> 0 | M35: 0 | N35: 0 | O35: =M35*N35 -> 0 | P35: =K35+(K35*$P$66) -> 0 | Q35: =M35*P35 -> 0 | R35: 0 | S35: 0 | T35: =R35*S35 -> 0 | U35: =P35+(P35*$U$66) -> 0 | V35: =R35*U35 -> 0 | W35: 0 | X35: 0 | Y35: =W35*X35 -> 0 | Z35: =U35+(U35*$Z$66) -> 0 | AA35: =Z35*W35 -> 0 | AB35: 0 | AC35: 0 | AD35: =AB35*AC35 -> 0 | AE35: =Z35+(Z35*$AE$66) -> 0 | AF35: =AB35*$AE35 -> 0
A36: 3rd Grade | B36: Licensed | G36: =C36*F36 -> 0 | H36: 0 | I36: 0 | J36: =H36*I36 -> 0 | K36: 0 | L36: =(H36*K36) -> 0 | M36: 0 | N36: 0 | O36: =M36*N36 -> 0 | P36: =K36+(K36*$P$66) -> 0 | Q36: =M36*P36 -> 0 | R36: 0 | S36: 0 | T36: =R36*S36 -> 0 | U36: =P36+(P36*$U$66) -> 0 | V36: =R36*U36 -> 0 | W36: 0 | X36: 0 | Y36: =W36*X36 -> 0 | Z36: =U36+(U36*$Z$66) -> 0 | AA36: =Z36*W36 -> 0 | AB36: 0 | AC36: 0 | AD36: =AB36*AC36 -> 0 | AE36: =Z36+(Z36*$AE$66) -> 0 | AF36: =AB36*$AE36 -> 0
A37: 4th Grade | B37: Licensed | G37: =C37*F37 -> 0 | H37: 0 | I37: 0 | J37: =H37*I37 -> 0 | K37: 0 | L37: =(H37*K37) -> 0 | M37: 0 | N37: 0 | O37: =M37*N37 -> 0 | P37: =K37+(K37*$P$66) -> 0 | Q37: =M37*P37 -> 0 | R37: 0 | S37: 0 | T37: =R37*S37 -> 0 | U37: =P37+(P37*$U$66) -> 0 | V37: =R37*U37 -> 0 | W37: 0 | X37: 0 | Y37: =W37*X37 -> 0 | Z37: =U37+(U37*$Z$66) -> 0 | AA37: =Z37*W37 -> 0 | AB37: 0 | AC37: 0 | AD37: =AB37*AC37 -> 0 | AE37: =Z37+(Z37*$AE$66) -> 0 | AF37: =AB37*$AE37 -> 0
A38: 5th Grade | B38: Licensed | G38: =C38*F38 -> 0 | H38: 0 | I38: 0 | J38: =H38*I38 -> 0 | K38: 0 | L38: =(H38*K38) -> 0 | M38: 0 | N38: 0 | O38: =M38*N38 -> 0 | P38: =K38+(K38*$P$66) -> 0 | Q38: =M38*P38 -> 0 | R38: 0 | S38: 0 | T38: =R38*S38 -> 0 | U38: =P38+(P38*$U$66) -> 0 | V38: =R38*U38 -> 0 | W38: 0 | X38: 0 | Y38: =W38*X38 -> 0 | Z38: =U38+(U38*$Z$66) -> 0 | AA38: =Z38*W38 -> 0 | AB38: 0 | AC38: 0 | AD38: =AB38*AC38 -> 0 | AE38: =Z38+(Z38*$AE$66) -> 0 | AF38: =AB38*$AE38 -> 0
A39: 6th Grade | B39: Licensed | G39: =C39*F39 -> 0 | H39: 0 | I39: 0 | J39: =H39*I39 -> 0 | K39: 0 | L39: =(H39*K39) -> 0 | M39: 0 | N39: 0 | O39: =M39*N39 -> 0 | P39: =K39+(K39*$P$66) -> 0 | Q39: =M39*P39 -> 0 | R39: 0 | S39: 0 | T39: =R39*S39 -> 0 | U39: =P39+(P39*$U$66) -> 0 | V39: =R39*U39 -> 0 | W39: 0 | X39: 0 | Y39: =W39*X39 -> 0 | Z39: =U39+(U39*$Z$66) -> 0 | AA39: =Z39*W39 -> 0 | AB39: 0 | AC39: 0 | AD39: =AB39*AC39 -> 0 | AE39: =Z39+(Z39*$AE$66) -> 0 | AF39: =AB39*$AE39 -> 0
A40: MS - Language Arts | B40: Licensed | G40: =C40*F40 -> 0 | H40: 0 | J40: 0 | K40: 0 | L40: =(H40*K40) -> 0 | M40: 0 | O40: 0 | P40: =K40+(K40*$P$66) -> 0 | Q40: =M40*P40 -> 0 | R40: 0 | T40: 0 | U40: =P40+(P40*$U$66) -> 0 | V40: =R40*U40 -> 0 | W40: 0 | Y40: 0 | Z40: =U40+(U40*$Z$66) -> 0 | AA40: =Z40*W40 -> 0 | AB40: 0 | AD40: 0 | AE40: =Z40+(Z40*$AE$66) -> 0 | AF40: =AB40*$AE40 -> 0
A41: MS - Math | B41: Licensed | G41: =C41*F41 -> 0 | H41: 0 | J41: 0 | K41: 0 | L41: =(H41*K41) -> 0 | M41: 0 | O41: 0 | P41: =K41+(K41*$P$66) -> 0 | Q41: =M41*P41 -> 0 | R41: 0 | T41: 0 | U41: =P41+(P41*$U$66) -> 0 | V41: =R41*U41 -> 0 | W41: 0 | Y41: 0 | Z41: =U41+(U41*$Z$66) -> 0 | AA41: =Z41*W41 -> 0 | AB41: 0 | AD41: 0 | AE41: =Z41+(Z41*$AE$66) -> 0 | AF41: =AB41*$AE41 -> 0
A42: MS - Science | B42: Licensed | G42: =C42*F42 -> 0 | H42: 0 | J42: 0 | K42: 0 | L42: =(H42*K42) -> 0 | M42: 0 | O42: 0 | P42: =K42+(K42*$P$66) -> 0 | Q42: =M42*P42 -> 0 | R42: 0 | T42: 0 | U42: =P42+(P42*$U$66) -> 0 | V42: =R42*U42 -> 0 | W42: 0 | Y42: 0 | Z42: =U42+(U42*$Z$66) -> 0 | AA42: =Z42*W42 -> 0 | AB42: 0 | AD42: 0 | AE42: =Z42+(Z42*$AE$66) -> 0 | AF42: =AB42*$AE42 -> 0
A43: MS - Social Studies | B43: Licensed | G43: =C43*F43 -> 0 | H43: 0 | J43: 0 | K43: 0 | L43: =(H43*K43) -> 0 | M43: 0 | O43: 0 | P43: =K43+(K43*$P$66) -> 0 | Q43: =M43*P43 -> 0 | R43: 0 | T43: 0 | U43: =P43+(P43*$U$66) -> 0 | V43: =R43*U43 -> 0 | W43: 0 | Y43: 0 | Z43: =U43+(U43*$Z$66) -> 0 | AA43: =Z43*W43 -> 0 | AB43: 0 | AD43: 0 | AE43: =Z43+(Z43*$AE$66) -> 0 | AF43: =AB43*$AE43 -> 0
A44: HS - English | B44: Licensed | G44: =C44*F44 -> 0 | H44: 0 | J44: 0 | K44: 0 | L44: =(H44*K44) -> 0 | M44: 0 | O44: 0 | P44: =K44+(K44*$P$66) -> 0 | Q44: =M44*P44 -> 0 | R44: 0 | T44: 0 | U44: =P44+(P44*$U$66) -> 0 | V44: =R44*U44 -> 0 | W44: 0 | Y44: 0 | Z44: =U44+(U44*$Z$66) -> 0 | AA44: =Z44*W44 -> 0 | AB44: 0 | AD44: 0 | AE44: =Z44+(Z44*$AE$66) -> 0 | AF44: =AB44*$AE44 -> 0
A45: HS - Math | B45: Licensed | G45: =C45*F45 -> 0 | H45: 0 | J45: 0 | K45: 0 | L45: =(H45*K45) -> 0 | M45: 0 | O45: 0 | P45: =K45+(K45*$P$66) -> 0 | Q45: =M45*P45 -> 0 | R45: 0 | T45: 0 | U45: =P45+(P45*$U$66) -> 0 | V45: =R45*U45 -> 0 | W45: 0 | Y45: 0 | Z45: =U45+(U45*$Z$66) -> 0 | AA45: =Z45*W45 -> 0 | AB45: 0 | AD45: 0 | AE45: =Z45+(Z45*$AE$66) -> 0 | AF45: =AB45*$AE45 -> 0
A46: HS - Science | B46: Licensed | G46: =C46*F46 -> 0 | H46: 0 | J46: 0 | K46: 0 | L46: =(H46*K46) -> 0 | M46: 0 | O46: 0 | P46: =K46+(K46*$P$66) -> 0 | Q46: =M46*P46 -> 0 | R46: 0 | T46: 0 | U46: =P46+(P46*$U$66) -> 0 | V46: =R46*U46 -> 0 | W46: 0 | Y46: 0 | Z46: =U46+(U46*$Z$66) -> 0 | AA46: =Z46*W46 -> 0 | AB46: 0 | AD46: 0 | AE46: =Z46+(Z46*$AE$66) -> 0 | AF46: =AB46*$AE46 -> 0
A47: HS - Social Studies | B47: Licensed | G47: =C47*F47 -> 0 | H47: 0 | J47: 0 | K47: 0 | L47: =(H47*K47) -> 0 | M47: 0 | O47: 0 | P47: =K47+(K47*$P$66) -> 0 | Q47: =M47*P47 -> 0 | R47: 0 | T47: 0 | U47: =P47+(P47*$U$66) -> 0 | V47: =R47*U47 -> 0 | W47: 0 | Y47: 0 | Z47: =U47+(U47*$Z$66) -> 0 | AA47: =Z47*W47 -> 0 | AB47: 0 | AD47: 0 | AE47: =Z47+(Z47*$AE$66) -> 0 | AF47: =AB47*$AE47 -> 0
A48: Foreign Language | B48: Licensed | G48: =C48*F48 -> 0 | H48: 0 | K48: 0 | L48: =(H48*K48) -> 0 | M48: 0 | P48: =K48+(K48*$P$66) -> 0 | Q48: =M48*P48 -> 0 | R48: 0 | U48: =P48+(P48*$U$66) -> 0 | V48: =R48*U48 -> 0 | W48: 0 | Z48: =U48+(U48*$Z$66) -> 0 | AA48: =Z48*W48 -> 0 | AB48: 0 | AE48: =Z48+(Z48*$AE$66) -> 0 | AF48: =AB48*$AE48 -> 0
A49: Electives | B49: Licensed | G49: =C49*F49 -> 0 | H49: 0 | K49: 0 | L49: =(H49*K49) -> 0 | M49: 0 | P49: =K49+(K49*$P$66) -> 0 | Q49: =M49*P49 -> 0 | R49: 0 | U49: =P49+(P49*$U$66) -> 0 | V49: =R49*U49 -> 0 | W49: 0 | Z49: =U49+(U49*$Z$66) -> 0 | AA49: =Z49*W49 -> 0 | AB49: 0 | AE49: =Z49+(Z49*$AE$66) -> 0 | AF49: =AB49*$AE49 -> 0
A50: Electives | B50: Licensed | G50: =C50*F50 -> 0 | H50: 0 | K50: 0 | L50: =(H50*K50) -> 0 | M50: 0 | P50: =K50+(K50*$P$66) -> 0 | Q50: =M50*P50 -> 0 | R50: 0 | U50: =P50+(P50*$U$66) -> 0 | V50: =R50*U50 -> 0 | W50: 0 | Z50: =U50+(U50*$Z$66) -> 0 | AA50: =Z50*W50 -> 0 | AB50: 0 | AE50: =Z50+(Z50*$AE$66) -> 0 | AF50: =AB50*$AE50 -> 0
A51: Special Education | B51: Licensed | G51: =C51*F51 -> 0 | H51: 0 | K51: 0 | L51: =(H51*K51) -> 0 | M51: 0 | P51: =K51+(K51*$P$66) -> 0 | Q51: =M51*P51 -> 0 | R51: 0 | U51: =P51+(P51*$U$66) -> 0 | V51: =R51*U51 -> 0 | W51: 0 | Z51: =U51+(U51*$Z$66) -> 0 | AA51: =Z51*W51 -> 0 | AB51: 0 | AE51: =Z51+(Z51*$AE$66) -> 0 | AF51: =AB51*$AE51 -> 0
A52: Other | B52: Licensed | G52: =C52*F52 -> 0 | H52: 0 | K52: 0 | L52: =(H52*K52) -> 0 | M52: 0 | P52: =K52+(K52*$P$66) -> 0 | Q52: =M52*P52 -> 0 | R52: 0 | U52: =P52+(P52*$U$66) -> 0 | V52: =R52*U52 -> 0 | W52: 0 | Z52: =U52+(U52*$Z$66) -> 0 | AA52: =Z52*W52 -> 0 | AB52: 0 | AE52: =Z52+(Z52*$AE$66) -> 0 | AF52: =AB52*$AE52 -> 0
A53: Other | B53: Licensed | G53: =C53*F53 -> 0 | H53: 0 | K53: 0 | L53: =(H53*K53) -> 0 | M53: 0 | P53: =K53+(K53*$P$66) -> 0 | Q53: =M53*P53 -> 0 | R53: 0 | U53: =P53+(P53*$U$66) -> 0 | V53: =R53*U53 -> 0 | W53: 0 | Z53: =U53+(U53*$Z$66) -> 0 | AA53: =Z53*W53 -> 0 | AB53: 0 | AE53: =Z53+(Z53*$AE$66) -> 0 | AF53: =AB53*$AE53 -> 0
A54: Other | B54: Licensed | G54: =C54*F54 -> 0 | H54: 0 | K54: 0 | L54: =(H54*K54) -> 0 | M54: 0 | P54: =K54+(K54*$P$66) -> 0 | Q54: =M54*P54 -> 0 | R54: 0 | U54: =P54+(P54*$U$66) -> 0 | V54: =R54*U54 -> 0 | W54: 0 | Z54: =U54+(U54*$Z$66) -> 0 | AA54: =Z54*W54 -> 0 | AB54: 0 | AE54: =Z54+(Z54*$AE$66) -> 0 | AF54: =AB54*$AE54 -> 0
A55: Other | B55: Licensed | G55: =C55*F55 -> 0 | H55: 0 | K55: 0 | L55: =(H55*K55) -> 0 | M55: 0 | P55: =K55+(K55*$P$66) -> 0 | Q55: =M55*P55 -> 0 | R55: 0 | U55: =P55+(P55*$U$66) -> 0 | V55: =R55*U55 -> 0 | W55: 0 | Z55: =U55+(U55*$Z$66) -> 0 | AA55: =Z55*W55 -> 0 | AB55: 0 | AE55: =Z55+(Z55*$AE$66) -> 0 | AF55: =AB55*$AE55 -> 0
A56: Other | B56: Licensed | G56: =C56*F56 -> 0 | H56: 0 | K56: 0 | L56: =(H56*K56) -> 0 | M56: 0 | P56: =K56+(K56*$P$66) -> 0 | Q56: =M56*P56 -> 0 | R56: 0 | U56: =P56+(P56*$U$66) -> 0 | V56: =R56*U56 -> 0 | W56: 0 | Z56: =U56+(U56*$Z$66) -> 0 | AA56: =Z56*W56 -> 0 | AB56: 0 | AE56: =Z56+(Z56*$AE$66) -> 0 | AF56: =AB56*$AE56 -> 0
A57: Other | B57: Licensed | G57: =C57*F57 -> 0 | H57: 0 | K57: 0 | L57: =(H57*K57) -> 0 | M57: 0 | P57: =K57+(K57*$P$66) -> 0 | Q57: =M57*P57 -> 0 | R57: 0 | U57: =P57+(P57*$U$66) -> 0 | V57: =R57*U57 -> 0 | W57: 0 | Z57: =U57+(U57*$Z$66) -> 0 | AA57: =Z57*W57 -> 0 | AB57: 0 | AE57: =Z57+(Z57*$AE$66) -> 0 | AF57: =AB57*$AE57 -> 0
A58: Paraprofessionals - Special Ed | B58: Classified | G58: =C58*F58 -> 0 | H58: 0 | K58: 0 | L58: =(H58*K58) -> 0 | M58: 0 | P58: =K58+(K58*$P$66) -> 0 | Q58: =M58*P58 -> 0 | R58: 0 | U58: =P58+(P58*$U$66) -> 0 | V58: =R58*U58 -> 0 | W58: 0 | Z58: =U58+(U58*$Z$66) -> 0 | AA58: =Z58*W58 -> 0 | AB58: 0 | AE58: =Z58+(Z58*$AE$66) -> 0 | AF58: =AB58*$AE58 -> 0
A59: Paraprofessionals - General | B59: Classified | G59: =C59*F59 -> 0 | H59: 0 | K59: 0 | L59: =(H59*K59) -> 0 | M59: 0 | P59: =K59+(K59*$P$66) -> 0 | Q59: =M59*P59 -> 0 | R59: 0 | U59: =P59+(P59*$U$66) -> 0 | V59: =R59*U59 -> 0 | W59: 0 | Z59: =U59+(U59*$Z$66) -> 0 | AA59: =Z59*W59 -> 0 | AB59: 0 | AE59: =Z59+(Z59*$AE$66) -> 0 | AF59: =AB59*$AE59 -> 0
A60: Subtotal - Instructional | C60: =SUM(C32:C59) -> 0 | D60: =SUM(D32:D59) -> 0 | E60: =SUM(E32:E59) -> 0 | G60: =SUM(G32:G59) -> 0 | H60: =SUM(H32:H59) -> 0 | I60: =SUM(I32:I59) -> 0 | J60: =SUM(J32:J59) -> 0 | L60: =SUM(L32:L59) -> 0 | M60: =SUM(M32:M59) -> 0 | N60: =SUM(N32:N59) -> 0 | O60: =SUM(O32:O59) -> 0 | Q60: =SUM(Q32:Q59) -> 0 | R60: =SUM(R32:R59) -> 0 | S60: =SUM(S32:S59) -> 0 | T60: =SUM(T32:T59) -> 0 | V60: =SUM(V32:V59) -> 0 | W60: =SUM(W32:W59) -> 0 | X60: =SUM(X32:X59) -> 0 | Y60: =SUM(Y32:Y59) -> 0 | AA60: =SUM(AA32:AA59) -> 0 | AB60: =SUM(AB32:AB59) -> 0 | AC60: =SUM(AC32:AC59) -> 0 | AD60: =SUM(AD32:AD59) -> 0 | AF60: =SUM(AF32:AF59) -> 0
A62: Total Staffing | C62: =C60+C26 -> 0 | D62: =D60+D26 -> 0 | E62: =E60+E26 -> 0 | G62: =G60+G26 -> 0 | H62: =H60+H26 -> 0 | I62: =I60+I26 -> 0 | J62: =J60+J26 -> 0 | L62: =L60+L26 -> 0 | M62: =M60+M26 -> 0 | N62: =N60+N26 -> 0 | O62: =O60+O26 -> 0 | Q62: =Q60+Q26 -> 0 | R62: =R60+R26 -> 0 | S62: =S60+S26 -> 0 | T62: =T60+T26 -> 0 | V62: =V60+V26 -> 0 | W62: =W60+W26 -> 0 | X62: =X60+X26 -> 0 | Y62: =Y60+Y26 -> 0 | AA62: =AA60+AA26 -> 0 | AB62: =AB60+AB26 -> 0 | AC62: =AC60+AC26 -> 0 | AD62: =AD60+AD26 -> 0 | AF62: =AF60+AF26 -> 0
A65: Annual Pay Increase - Support | K65: 0 | P65: 0 | U65: 0 | Z65: 0 | AE65: 0
A66: Annual Pay Increase - Instructional | P66: 0 | U66: 0 | Z66: 0 | AE66: 0

Sheet Purchased Services Master
B1: Unit Cost | F1: 21-22 Trueup | G1: 22-23 true-up | H1: 23-24 True-up | I1: 24-25 True-Up | J1: 25-26 Projenction | K1: 26-27 Estimate | M1: 25-26 estimate
A2: Required
A3: District Support Staff | B3: =ROUND(M3,2) -> 56.86 | F3: 38.49 | G3: 43.94 | H3: 50.78 | I3: 55.63 | J3: 55.2 | K3: =J3+(J3*0.03) -> 56.856 | M3: =ROUND(K3,2) -> 56.86
A4: Emergency Management | B4: =ROUND(M4,2) -> 10.9 | F4: 5.19 | G4: 5.66 | H4: 7.04 | I4: 9.9 | J4: 10.58 | K4: =J4+(J4*0.03) -> 10.8974 | M4: =ROUND(K4,2) -> 10.9
A5: Infinite Campus License | B5: =ROUND(M5,2) -> 17.57 | F5: 9.21 | G5: 9.47 | H5: 9.67 | I5: 14.94 | J5: 17.06 | K5: =J5+(J5*0.03) -> 17.5718 | M5: =ROUND(K5,2) -> 17.57
A6: Assessment Services | B6: =ROUND(M6,2) -> 24.84 | F6: 19.35 | G6: 21.24 | H6: 23.97 | I6: 21.7 | J6: 24.12 | K6: =J6+(J6*0.03) -> 24.8436 | M6: =ROUND(K6,2) -> 24.84
A7: Additional fees: Treasurer, Foote detention, election | B7: =ROUND(M7,2) -> 25.12 | F7: =11.18+3.75 -> 14.93 | G7: =11.56+5.06+5.15 -> 21.77 | H7: 25.73 | I7: 22.42 | J7: 24.39 | K7: =J7+(J7*0.03) -> 25.1217 | M7: =ROUND(K7,2) -> 25.12
A8: Workday | B8: Contingent Worker Fee at 0.125 (x FTEmployee) x $51.94 | C8: =0.125*51.94 -> 6.4925 | D8: Contingent Worker Fee at 0.125 (x FTEmployee) x $39.49 | F8: 6.49 | G8: 6.49 | H8: 6.49 | I8: 6.49 | J8: 6.49 | K8: 6.49 | M8: =ROUND(K8,2) -> 6.49
A9: Gmail | B9: =ROUND(M9,2) -> 4.39 | H9: 4.26 | I9: 3.91 | J9: 4.26 | K9: =J9+(J9*0.03) -> 4.3878 | M9: =ROUND(K9,2) -> 4.39
A10: Special Education Tier 1 | B10: =ROUND(M10,2) -> 679.8 | F10: 497.93 | G10: 435.84 | H10: 501.43 | I10: 599.81 | J10: 660 | K10: =J10+(J10*0.03) -> 679.8 | M10: =ROUND(K10,2) -> 679.8
A11: Start-up Grant | B11: 3% Administration Fee in Year 2 and 3 | C11: 0.03 | D11: 3% Administration Fee in Year 2 and 3 | F11: 0.03 | G11: 0.03 | H11: 0.03 | M11: =ROUND(I11,2) -> 0
A12: Health Oversight | B12: =ROUND(M12,2) -> 4.79 | F12: 3.32 | G12: 3.63 | H12: 4.44 | I12: 4.94 | J12: 4.65 | K12: =J12+(J12*0.03) -> 4.7895 | M12: =ROUND(K12,2) -> 4.79
A13: Crisis Team Support | B13: =ROUND(M13,2) -> 1.11 | F13: 0.74 | G13: 1.48 | H13: 1.65 | I13: 1.87 | J13: 1.08 | K13: =J13+(J13*0.03) -> 1.1124 | M13: =ROUND(K13,2) -> 1.11
A14: ELD | B14: =ROUND(M14,2) -> 190.6 | F14: 131.07 | G14: 164.4 | H14: 167.36 | I14: 177.06 | J14: 185.05 | K14: =J14+(J14*0.03) -> 190.6015 | M14: =ROUND(K14,2) -> 190.6
A15: Gifted Education | B15: =ROUND(M15,2) -> 9.22 | F15: 6.3 | G15: 9.33 | H15: 10.94 | I15: 11.66 | J15: 8.95 | K15: =J15+(J15*0.03) -> 9.2185 | M15: =ROUND(K15,2) -> 9.22
F16: =SUM(F3:F7)+F10+F12+F13+F15 -> 595.46 | G16: =SUM(G3:G7)+G10+G12+G13+G15 -> 552.36 | H16: =SUM(H3:H7)+H10+H12+H13+H15 -> 635.65 | I16: =SUM(I3:I7)+I10+I12+I13+I15 -> 742.87 | J16: =SUM(J3:J7)+J10+J12+J13+J15 -> 806.03 | K16: =SUM(K3:K7)+K10+K12+K13+K15 -> 830.2109 | M16: =ROUND(K16,2) -> 830.21
A17: Optional | I17: =H17+(H17*0.03) -> 0 | K17: =I17+(I17*0.03) -> 0 | M17: =ROUND(I17,2) -> 0
A18: Assessment Services
A19: CogAT (Gifted Education) | B19: Actual Cost
A20: TS Gold readiness assessment | B20: 11.45
A21: NWEA MAP Testing Reading, Math, language | B21: 12
A22: NWEA MAP Testing Science | B22: 2.75
A23: i-ready (Complies with READ act) | B23: 5.8
A24: Data Download | B24: $75 annually | C24: 75
A25: Business Services
A26: My School Bucks | B26: 3.35% processing fee to third party vendor
A27: Mail Services
A28: Intra-district Mail & Bulk Mailings | B28: 2
A29: Curriculum / Instruction Services
A30: Art Show | B30: Actual Cost | C30: 1-20; $100 21-50; $200 51-100; $300 100+; $400
A31: Spelling Bee | B31: $60 per participant | C31: $60/participant
A32: Cyber School Service
A33: eDCSD CO Cyber School | B33: $350 per course
A34: Facilities Management Services
A35: Health Services
A36: Homebound Services | B36: Actual Cost per student
A37: Human Resources
A38: Staffing | B38: Actual Cost
A39: Staffing Posting - basic (additional posting at cost) | B39: $50 per posting
A40: Substitute One time Set-up Fee | B40: 600
A41: Substitute Annual/license fee | B41: 1200
A42: Substitute Administration and District Posting fee per year | B42: $50 per posting
A43: Information Technology Services
A44: Lumen Geo Max | B44: =1288*12 -> 15456 | C44: $698.24 per month
A45: T1 Circuit to Wan | B45: 8000 | C45: 8000 one-time router cost
A46: Network Router | B46: 500 | C46: 500 annual router maintenance
A48: Media Services
A49: Full Media Services | B49: 11.31
A50: Overdrive renewal | B50: 200
A51: Movie Licensing USA | B51: $529 per school average | C51: 529
A52: Typing Pal | B52: 0.6
A53: Tumble Books | B53: 0.07
A54: Start-up collection and cataloging services | B54: Varies
A55: Security
A56: Shared School Resource Officer Program | B56: =ROUND(AVERAGE(15423,21071,23773)*1.03,2) -> 20691.67
A57: School Resource Officer Program | B57: =68640*1.05 -> 72072 | C57: Not through DCSD
A58: Special Education Services
A61: *Please Note Purchased Service Fees are based on FY23-24 numbers. These Fees will increase for FY24-25 as well as FY25-26. Estimated yearly increases of 3%.
A64: MLO Projected FPC | B64: 59600.5
A65: MLO total | B65: 139713000
A67: Per FPC | B67: =B65/(B64-B66) -> 2344.1582

Sheet Assumptions
A1: =TEXT(Staffing!A1,1) -> INSERT SCHOOL NAME | J1: Cells in yellow should be filled out by applicant
J2: White Cells automatically populate based on formulas calculated from previously entered data.
A3: Assumptions | J3: Cells in green populate based on formula overwrite as needed
J4: *Please Note Purchased Service Fees are based on FY25-26 numbers. These Fees will increase for FY26-27 as well as FY27-28. Estimated yearly increases of 3%.
A5: Assumptions | B5: Year 0 | C5: Year 1 | D5: Year 2 | E5: Year 3 | F5: Year 4 | G5: Year 5 | H5: Purchase Optional Services? | I5: Charter Applicant Notes | J5: DCSD Notes
A6: ENROLLMENT
A7: Early Childhood Education (ECE) | C7: 0 | D7: 0 | E7: 0 | F7: 0 | G7: 0 | R7: yes
A8: Half Day Kindergarten | C8: =Staffing!J32 -> 0 | D8: =Staffing!O32 -> 0 | E8: =Staffing!T32 -> 0 | F8: =Staffing!Y32 -> 0 | G8: =Staffing!AD32 -> 0 | J8: Sum from staffing tab | R8: yes - no year 0 | S8: Total
A9: Full Day Kindergarten | C9: =Staffing!J33 -> 0 | D9: =Staffing!O33 -> 0 | E9: =Staffing!T33 -> 0 | F9: =Staffing!Y33 -> 0 | G9: =Staffing!AD33 -> 0 | J9: Sum from staffing tab
A10: Grade 1 | C10: =Staffing!J34 -> 0 | D10: =Staffing!O34 -> 0 | E10: =Staffing!T34 -> 0 | F10: =Staffing!Y34 -> 0 | G10: =Staffing!AD34 -> 0 | J10: Sum from staffing tab | R10: no | S10: Per Pupil
A11: Grade 2 | C11: =Staffing!J35 -> 0 | D11: =Staffing!O35 -> 0 | E11: =Staffing!T35 -> 0 | F11: =Staffing!Y35 -> 0 | G11: =Staffing!AD35 -> 0 | J11: Sum from staffing tab
A12: Grade 3 | C12: =Staffing!J36 -> 0 | D12: =Staffing!O36 -> 0 | E12: =Staffing!T36 -> 0 | F12: =Staffing!Y36 -> 0 | G12: =Staffing!AD36 -> 0 | J12: Sum from staffing tab
A13: Grade 4 | C13: =Staffing!J37 -> 0 | D13: =Staffing!O37 -> 0 | E13: =Staffing!T37 -> 0 | F13: =Staffing!Y37 -> 0 | G13: =Staffing!AD37 -> 0 | J13: Sum from staffing tab
A14: Grade 5 | C14: =Staffing!J38 -> 0 | D14: =Staffing!O38 -> 0 | E14: =Staffing!T38 -> 0 | F14: =Staffing!Y38 -> 0 | G14: =Staffing!AD38 -> 0 | J14: Sum from staffing tab
A15: Grade 6 | C15: =Staffing!J39 -> 0 | D15: =Staffing!O39 -> 0 | E15: =Staffing!T39 -> 0 | F15: =Staffing!Y39 -> 0 | G15: =Staffing!AD39 -> 0 | J15: Sum from staffing tab
A16: Grade 7 | C16: 0 | D16: 0 | E16: 0 | F16: 0 | G16: 0 | J16: Manually enter the number of projected students for this grade
A17: Grade 8 | C17: 0 | D17: 0 | E17: 0 | F17: 0 | G17: 0 | J17: Manually enter the number of projected students for this grade
A18: Grade 9 | C18: 0 | D18: 0 | E18: 0 | F18: 0 | G18: 0 | J18: Manually enter the number of projected students for this grade
A19: Grade 10 | C19: 0 | D19: 0 | E19: 0 | F19: 0 | G19: 0 | J19: Manually enter the number of projected students for this grade
A20: Grade 11 | C20: 0 | D20: 0 | E20: 0 | F20: 0 | G20: 0 | J20: Manually enter the number of projected students for this grade
A21: Grade 12 | C21: 0 | D21: 0 | E21: 0 | F21: 0 | G21: 0 | J21: Manually enter the number of projected students for this grade
A22: Total Enrollment | C22: =SUM(C7:C21) -> 0 | D22: =SUM(D7:D21) -> 0 | E22: =SUM(E7:E21) -> 0 | F22: =SUM(F7:F21) -> 0 | G22: =SUM(G7:G21) -> 0
A23: Total FTE | C23: =SUM(C9:C21)+C8*0.5 -> 0 | D23: =SUM(D9:D21)+D8*0.5 -> 0 | E23: =SUM(E9:E21)+E8*0.5 -> 0 | F23: =SUM(F9:F21)+F8*0.5 -> 0 | G23: =SUM(G9:G21)+G8*0.5 -> 0 | J23: Remember that Half day Kindergarten is counted at .50 for FTE purposes
A24: Total Funded Pupil Count (FPC) | C24: =SUM(C9:C21)+C8*0.58 -> 0 | D24: =SUM(D9:D21)+D8*0.58 -> 0 | E24: =SUM(E9:E21)+E8*0.58 -> 0 | F24: =SUM(F9:F21)+F8*0.58 -> 0 | G24: =SUM(G9:G21)+G8*0.58 -> 0 | J24: Remember that Half day Kindergarten is counted at .58 for per pupil funding purposes
A25: Projected Free Lunch (FL) Percentage | C25: 0 | D25: 0 | E25: 0 | F25: 0 | G25: 0 | J25: Used in determining PPR allocation
A26: Projected English Language Learner (ELL) Percentage | C26: 0 | D26: 0 | E26: 0 | F26: 0 | G26: 0 | J26: Includes anyone eligible to take the ACCESS test -- Used in Title III allocation
A28: REVENUE
A29: Per Pupil Revenue | C29: 0 | D29: =C29*1.03 -> 0 | E29: =D29*1.02 -> 0 | F29: =E29*1.02 -> 0 | G29: =F29*1.02 -> 0 | J29: Year 0 Recommended PPR: $11147; Assuming 3% increase then 2% | K29: =(8607.22*0.0585)+8607.22 -> 9110.7424
A30: Mill Levy Override | C30: 0 | D30: =C30 -> 0 | E30: =D30 -> 0 | F30: =E30 -> 0 | G30: =F30 -> 0 | J30: Year 1 Recommended MLO: $2298, per FPC
A31: Tuition (ECE) | C31: 0 | D31: 0 | E31: 0 | F31: 0 | G31: 0 | J31: Total $ amount
A32: Interest Income | C32: 0 | D32: 0 | E32: 0 | F32: 0 | G32: 0 | J32: Total $ amount
A33: Food Services | C33: 0 | D33: 0 | E33: 0 | F33: 0 | G33: 0 | J33: Total $ amount (as of 23-24 SY State supports free meals for all.)
A34: Student Participation Fees | C34: 0 | D34: 0 | E34: 0 | F34: 0 | G34: 0 | J34: Total $ amount
A35: Child Care Fees | C35: 0 | D35: 0 | E35: 0 | F35: 0 | G35: 0 | J35: Total $ amount
A36: Other Local Revenue | B36: 0 | C36: 0 | D36: 0 | E36: 0 | F36: 0 | G36: 0 | J36: Total $ amount
A37: Rental/Lease | B37: 0 | C37: 0 | D37: 0 | E37: 0 | F37: 0 | G37: 0 | J37: Total $ amount
A38: Capital Construction | B38: 0 | C38: 0 | D38: 0 | E38: 0 | F38: 0 | G38: 0 | J38: Per funded pupil; Year 1 Recommended: $388, small increase in future years
A39: Federal Grant Income | B39: 0 | C39: 0 | D39: 0 | E39: 0 | F39: 0 | G39: 0 | J39: Total $ amount, include Start Up Grant in Year 0
A40: Other State Revenue | B40: 0 | C40: 0 | D40: 0 | E40: 0 | F40: 0 | G40: 0 | J40: Total $ amount; Provide detail in budget narrative
A42: SALARIES - INSTRUCTIONAL
A43: Licensed | C43: =SUMIFS(Staffing!$L$32:$L$59,Staffing!$B$32:$B$59,Assumptions!A43) -> 0 | D43: =SUMIFS(Staffing!$Q$32:$Q$59,Staffing!$B$32:$B$59,A43) -> 0 | E43: =SUMIFS(Staffing!$V$32:$V$59,Staffing!$B$32:$B$59,A43) -> 0 | F43: =SUMIFS(Staffing!$AA$32:$AA$59,Staffing!$B$32:$B$59,A43) -> 0 | G43: =SUMIFS(Staffing!$AF$32:$AF$59,Staffing!$B$32:$B$59,A43) -> 0 | J43: sum from staffing tab
A44: Classified | C44: =SUMIFS(Staffing!$L$32:$L$59,Staffing!$B$32:$B$59,A44) -> 0 | D44: =SUMIFS(Staffing!$Q$32:$Q$59,Staffing!$B$32:$B$59,A44) -> 0 | E44: =SUMIFS(Staffing!$V$32:$V$59,Staffing!$B$32:$B$59,A44) -> 0 | F44: =SUMIFS(Staffing!$AA$32:$AA$59,Staffing!$B$32:$B$59,A44) -> 0 | G44: =SUMIFS(Staffing!$AF$32:$AF$59,Staffing!$B$32:$B$59,A44) -> 0 | J44: sum from staffing tab
A45: Number of Benefits Eligible Staff (Medical, Dental, etc.) | C45: =Staffing!H60 -> 0 | D45: =Staffing!M60 -> 0 | E45: =Staffing!R60 -> 0 | F45: =Staffing!W60 -> 0 | G45: =Staffing!AB60 -> 0 | J45: FTE eligible out of total instructional FTE, sum from staffing tab
A47: SALARIES - SUPPORT
A48: Administrative | B48: =SUMIFS(Staffing!$G$14:$G$25,Staffing!$B$14:$B$25,A48)+SUMIFS(Staffing!$G$32:$G$59,Staffing!$B$32:$B$59,A48) -> 0 | C48: =SUMIFS(Staffing!$L$14:$L$25,Staffing!$B$14:$B$25,A48)+SUMIFS(Staffing!$L$32:$L$59,Staffing!$B$32:$B$59,A48) -> 0 | D48: =SUMIFS(Staffing!$Q$14:$Q$25,Staffing!$B$14:$B$25,A48)+SUMIFS(Staffing!$Q$32:$Q$59,Staffing!$B$32:$B$59,A48) -> 0 | E48: =SUMIFS(Staffing!$V$14:$V$25,Staffing!$B$14:$B$25,A48)+SUMIFS(Staffing!$V$32:$V$59,Staffing!$B$32:$B$59,A48) -> 0 | F48: =SUMIFS(Staffing!$AA$14:$AA$25,Staffing!$B$14:$B$25,A48)+SUMIFS(Staffing!$AA$32:$AA$59,Staffing!$B$32:$B$59,A48) -> 0 | G48: =SUMIFS(Staffing!$AF$14:$AF$25,Staffing!$B$14:$B$25,A48)+SUMIFS(Staffing!$AF$32:$AF$59,Staffing!$B$32:$B$59,A48) -> 0 | J48: sum from staffing tab
A49: Professional | B49: =SUMIFS(Staffing!$G$14:$G$25,Staffing!$B$14:$B$25,A49)+SUMIFS(Staffing!$G$32:$G$59,Staffing!$B$32:$B$59,A49) -> 0 | C49: =SUMIFS(Staffing!$L$14:$L$25,Staffing!$B$14:$B$25,A49)+SUMIFS(Staffing!$L$32:$L$59,Staffing!$B$32:$B$59,A49) -> 0 | D49: =SUMIFS(Staffing!$Q$14:$Q$25,Staffing!$B$14:$B$25,A49)+SUMIFS(Staffing!$Q$32:$Q$59,Staffing!$B$32:$B$59,A49) -> 0 | E49: =SUMIFS(Staffing!$V$14:$V$25,Staffing!$B$14:$B$25,A49)+SUMIFS(Staffing!$V$32:$V$59,Staffing!$B$32:$B$59,A49) -> 0 | F49: =SUMIFS(Staffing!$AA$14:$AA$25,Staffing!$B$14:$B$25,A49)+SUMIFS(Staffing!$AA$32:$AA$59,Staffing!$B$32:$B$59,A49) -> 0 | G49: =SUMIFS(Staffing!$AF$14:$AF$25,Staffing!$B$14:$B$25,A49)+SUMIFS(Staffing!$AF$32:$AF$59,Staffing!$B$32:$B$59,A49) -> 0 | J49: sum from staffing tab
A50: Licensed | B50: =SUMIFS(Staffing!$G$14:$G$25,Staffing!$B$14:$B$25,A50) -> 0 | C50: =SUMIFS(Staffing!$L$14:$L$25,Staffing!$B$14:$B$25,A50) -> 0 | D50: =SUMIFS(Staffing!$Q$14:$Q$25,Staffing!$B$14:$B$25,A50) -> 0 | E50: =SUMIFS(Staffing!$V$14:$V$25,Staffing!$B$14:$B$25,A50) -> 0 | F50: =SUMIFS(Staffing!$AA$14:$AA$25,Staffing!$B$14:$B$25,A50) -> 0 | G50: =SUMIFS(Staffing!$AF$14:$AF$25,Staffing!$B$14:$B$25,A50) -> 0 | J50: sum from staffing tab
A51: Classified | B51: =SUMIFS(Staffing!$G$14:$G$25,Staffing!$B$14:$B$25,A51) -> 0 | C51: =SUMIFS(Staffing!$L$14:$L$25,Staffing!$B$14:$B$25,A51) -> 0 | D51: =SUMIFS(Staffing!$Q$14:$Q$25,Staffing!$B$14:$B$25,A51) -> 0 | E51: =SUMIFS(Staffing!$V$14:$V$25,Staffing!$B$14:$B$25,A51) -> 0 | F51: =SUMIFS(Staffing!$AA$14:$AA$25,Staffing!$B$14:$B$25,A51) -> 0 | G51: =SUMIFS(Staffing!$AF$14:$AF$25,Staffing!$B$14:$B$25,A51) -> 0 | J51: sum from staffing tab
A52: Number of Benefits Eligible Staff (Medical, Dental, etc.) | B52: =Staffing!C26 -> 0 | C52: =Staffing!H26 -> 0 | D52: =Staffing!M26 -> 0 | E52: =Staffing!R26 -> 0 | F52: =Staffing!W26 -> 0 | G52: =Staffing!AB26 -> 0 | J52: FTE eligible out of total support FTE, sum from staffing tab
A54: SALARIES - OTHER
A55: Additional Pay - Instructional | C55: 0 | D55: 0 | E55: 0 | F55: 0 | G55: 0 | J55: total for all grades
A56: Additional Pay - Support | C56: 0 | D56: 0 | E56: 0 | F56: 0 | G56: 0 | J56: total for all grades
A57: Number of Substitutes per Eligible Staff | C57: 0 | D57: 0 | E57: 0 | F57: 0 | G57: 0 | J57: total substitute coverage per eligible staff
A58: Number of Eligible Staff for Substitutes | C58: =SUMIFS(Staffing!$H$32:$H$59,Staffing!B32:$B$59,Staffing!$A$5) -> 0 | D58: =SUMIFS(Staffing!$M$32:$M$59,Staffing!$B$32:$B$59,Staffing!$A$5) -> 0 | E58: =SUMIFS(Staffing!$R$32:$R$59,Staffing!$B$32:$B$59,Staffing!$A$5) -> 0 | F58: =SUMIFS(Staffing!$W$32:$W$59,Staffing!$B$32:$B$59,Staffing!$A$5) -> 0 | G58: =SUMIFS(Staffing!$AB$32:$AB$59,Staffing!$B$32:$B$59,Staffing!$A$5) -> 0 | J58: sum from staffing tab, can override
A59: Substitute - Rate | C59: 0 | D59: 0 | E59: 0 | F59: 0 | G59: 0 | J59: set daily rate to then be multiplied by number of substitutes per FTE
A61: BENEFITS
A62: PERA | B62: 0.214 | C62: =B62 -> 0.214 | D62: =C62 -> 0.214 | E62: =D62 -> 0.214 | F62: =E62 -> 0.214 | G62: =F62 -> 0.214 | J62: School Division PERA rate based on July 2024 for year 0 rate can increase up or down .5% each year. Rate has been stable for 3 years, can go down to 20.4%.
A63: Medicare | B63: 0.0145 | C63: =B63 -> 0.0145 | D63: =C63 -> 0.0145 | E63: =D63 -> 0.0145 | F63: =E63 -> 0.0145 | G63: =F63 -> 0.0145 | J63: Applicable to all staff
A64: Medical | B64: 0 | C64: =B64*1.03 -> 0 | D64: =C64*1.03 -> 0 | E64: =D64*1.03 -> 0 | F64: =E64*1.03 -> 0 | G64: =F64*1.03 -> 0 | J64: annual cost per qualifying employee
A65: Dental | B65: 0 | C65: =B65*1.03 -> 0 | D65: =C65*1.03 -> 0 | E65: =D65*1.03 -> 0 | F65: =E65*1.03 -> 0 | G65: =F65*1.03 -> 0 | J65: annual cost per qualifying employee
A66: Vision | B66: 0 | C66: =B66*1.03 -> 0 | D66: =C66*1.03 -> 0 | E66: =D66*1.03 -> 0 | F66: =E66*1.03 -> 0 | G66: =F66*1.03 -> 0 | J66: annual cost per qualifying employee
A67: Life/Short Term Disability/Long Term Disability | B67: 0 | C67: 0 | D67: 0 | E67: 0 | F67: 0 | G67: 0 | J67: annual cost per qualifying employee
A68: Other | B68: 0 | C68: 0 | D68: 0 | E68: 0 | F68: 0 | G68: 0 | J68: annual cost per qualifying employee
A70: REQUIRED PURCHASED SERVICES
A71: District Support Staff | C71: ='Purchased Services Master'!$B$3*C24 -> 0 | D71: =('Purchased Services Master'!$B$3*1.03)*D24 -> 0 | E71: =('Purchased Services Master'!$B$3*1.06)*E24 -> 0 | F71: =('Purchased Services Master'!$B$3*1.09)*F24 -> 0 | G71: =('Purchased Services Master'!$B$3*1.12)*G24 -> 0 | J71: =CONCATENATE("$",'Purchased Services Master'!$B3," per FPC") -> $56.86 per FPC
A72: Emergency Management | C72: ='Purchased Services Master'!$B$4*C24 -> 0 | D72: =('Purchased Services Master'!$B$4*1.03)*D24 -> 0 | E72: =('Purchased Services Master'!$B$4*1.06)*E24 -> 0 | F72: =('Purchased Services Master'!$B$4*1.09)*F24 -> 0 | G72: =('Purchased Services Master'!$B$4*1.12)*G24 -> 0 | J72: =CONCATENATE("$",'Purchased Services Master'!$B4," per FPC") -> $10.9 per FPC
A73: Student Information System (IC) | C73: ='Purchased Services Master'!$B$5*C24 -> 0 | D73: =('Purchased Services Master'!$B$5*1.03)*D24 -> 0 | E73: =('Purchased Services Master'!$B$5*1.06)*E24 -> 0 | F73: =('Purchased Services Master'!$B$5*1.09)*F24 -> 0 | G73: =('Purchased Services Master'!$B$5*1.12)*G24 -> 0 | J73: =CONCATENATE("$",'Purchased Services Master'!$B5," per FPC") -> $17.57 per FPC
A74: Assessment Services: All State & District Required Assessments Include UIP | C74: ='Purchased Services Master'!$B6*C$24 -> 0 | D74: =('Purchased Services Master'!$B$6*1.03)*D24 -> 0 | E74: =('Purchased Services Master'!$B$6*1.06)*E24 -> 0 | F74: =('Purchased Services Master'!$B$6*1.09)*F24 -> 0 | G74: =('Purchased Services Master'!$B$6*1.12)*G24 -> 0 | J74: =CONCATENATE("$",'Purchased Services Master'!$B6," per FPC") -> $24.84 per FPC
A75: Treasurer Fees | C75: ='Purchased Services Master'!$B7*C$24 -> 0 | D75: =('Purchased Services Master'!$B$7*1.03)*D24 -> 0 | E75: =('Purchased Services Master'!$B$7*1.06)*E24 -> 0 | F75: =('Purchased Services Master'!$B$7*1.09)*F24 -> 0 | G75: =('Purchased Services Master'!$B$7*1.12)*G24 -> 0 | J75: =CONCATENATE("$",'Purchased Services Master'!$B7," per FPC") -> $25.12 per FPC
A76: Workday | C76: ='Purchased Services Master'!$C$8*Staffing!$H$62 -> 0 | D76: =('Purchased Services Master'!$C$8*1.03)*Staffing!$M$62 -> 0 | E76: =('Purchased Services Master'!$C$8*1.06)*Staffing!$R$62 -> 0 | F76: =('Purchased Services Master'!$C$8*1.09)*Staffing!$W$62 -> 0 | G76: =('Purchased Services Master'!$C$8*1.12)*Staffing!$AB$62 -> 0 | J76: ='Purchased Services Master'!B8 -> Contingent Worker Fee at 0.125 (x FTEmployee) x $51.94
A77: Gmail | C77: ='Purchased Services Master'!$B$9*C24 -> 0 | D77: =('Purchased Services Master'!$B$9*1.03)*D24 -> 0 | E77: =('Purchased Services Master'!$B$9*1.06)*E24 -> 0 | F77: =('Purchased Services Master'!$B$9*1.09)*F24 -> 0 | G77: =('Purchased Services Master'!$B$9*1.12)*G24 -> 0 | J77: =CONCATENATE("$",'Purchased Services Master'!$B9," per FPC") -> $4.39 per FPC
A78: Start Up Grant Administration Fee | D78: =$B$39*'Purchased Services Master'!$C$11 -> 0 | E78: =$B$39*'Purchased Services Master'!$C$11 -> 0 | J78: ='Purchased Services Master'!B11 -> 3% Administration Fee in Year 2 and 3
A79: Health Oversight | C79: ='Purchased Services Master'!$B12*Assumptions!C$24 -> 0 | D79: =('Purchased Services Master'!$B12*1.03)*Assumptions!D$24 -> 0 | E79: =('Purchased Services Master'!$B12*1.06)*Assumptions!E$24 -> 0 | F79: =('Purchased Services Master'!$B12*1.09)*Assumptions!F$24 -> 0 | G79: =('Purchased Services Master'!$B12*1.12)*Assumptions!G$24 -> 0 | J79: =CONCATENATE("$",'Purchased Services Master'!$B$12," ","per FPC") -> $4.79 per FPC
A80: Crisis Team Support | C80: ='Purchased Services Master'!$B13*Assumptions!C$24 -> 0 | D80: =('Purchased Services Master'!$B13*1.03)*Assumptions!D$24 -> 0 | E80: =('Purchased Services Master'!$B13*1.06)*Assumptions!E$24 -> 0 | F80: =('Purchased Services Master'!$B13*1.09)*Assumptions!F$24 -> 0 | G80: =('Purchased Services Master'!$B13*1.12)*Assumptions!G$24 -> 0 | J80: =CONCATENATE("$",'Purchased Services Master'!$B$13," ","per FPC") -> $1.11 per FPC
A81: ELD | C81: ='Purchased Services Master'!$B$14*(C24*C26) -> 0 | D81: =('Purchased Services Master'!$B$14*(D24*D26))*1.03 -> 0 | E81: =('Purchased Services Master'!$B$14*(E24*E26))*1.06 -> 0 | F81: =('Purchased Services Master'!$B$14*(F24*F26))*1.09 -> 0 | G81: =('Purchased Services Master'!$B$14*(G24*G26))*1.12 -> 0 | J81: =CONCATENATE("$",'Purchased Services Master'!$B$14," ","per ELD student") -> $190.6 per ELD student
A82: GTE | C82: ='Purchased Services Master'!$B15*Assumptions!C$24 -> 0 | D82: =('Purchased Services Master'!$B15*1.03)*Assumptions!D$24 -> 0 | E82: =('Purchased Services Master'!$B15*1.06)*Assumptions!E$24 -> 0 | F82: =('Purchased Services Master'!$B15*1.09)*Assumptions!F$24 -> 0 | G82: =('Purchased Services Master'!$B15*1.12)*Assumptions!G$24 -> 0 | J82: =CONCATENATE("$",'Purchased Services Master'!$B$15," ","per FPC") -> $9.22 per FPC
A83: Special Education | C83: ='Purchased Services Master'!$B10*Assumptions!C$24 -> 0 | D83: =('Purchased Services Master'!$B10*1.03)*Assumptions!D$24 -> 0 | E83: =('Purchased Services Master'!$B10*1.06)*Assumptions!E$24 -> 0 | F83: =('Purchased Services Master'!$B10*1.09)*Assumptions!F$24 -> 0 | G83: =('Purchased Services Master'!$B10*1.12)*Assumptions!G$24 -> 0 | J83: =CONCATENATE("$",'Purchased Services Master'!$B10," per FPC") -> $679.8 per FPC
A85: PURCHASED SERVICES - ASSESSMENT SERVICES
A86: CogAT (Gifted Education) | B86: 0 | C86: 0 | D86: 0 | E86: 0 | F86: 0 | G86: 0 | H86: yes | J86: =VLOOKUP(A86,'Purchased Services Master'!A:B,2,FALSE) -> Actual Cost
A87: TS Gold readiness assessment | B87: 0 | C87: 0 | D87: 0 | E87: 0 | F87: 0 | G87: 0 | H87: yes | J87: =CONCATENATE("$",'Purchased Services Master'!$B$20," ","per test") -> $11.45 per test
A88: NWEA MAP Testing Reading, Math, language | B88: 0 | C88: 0 | D88: 0 | E88: 0 | F88: 0 | G88: 0 | H88: no | J88: =CONCATENATE("$",'Purchased Services Master'!$B$21," ","per test") -> $12 per test
A89: NWEA MAP Testing Science | B89: 0 | C89: 0 | D89: 0 | E89: 0 | F89: 0 | G89: 0 | H89: no | J89: =CONCATENATE("$",'Purchased Services Master'!$B$22," ","per test") -> $2.75 per test
A90: i-ready (Complies with READ act) | B90: 0 | C90: 0 | D90: 0 | E90: 0 | F90: 0 | G90: 0 | H90: no | J90: =CONCATENATE("$",'Purchased Services Master'!$B$23,"0 ","per test") -> $5.80 per test
A92: PURCHASED SERVICES - BUSINESS SERVICES
A93: My School Bucks | B93: 0 | C93: 0 | D93: 0 | E93: 0 | F93: 0 | G93: 0 | H93: yes | J93: =VLOOKUP(A93,'Purchased Services Master'!A:B,2,FALSE) -> 3.35% processing fee to third party vendor
A94: Intra-district Mail & Bulk Mailings | B94: =IF($H94="yes",'Purchased Services Master'!$B$28*B$24,0) -> 0 | C94: =IF($H94="yes",'Purchased Services Master'!$B$28*C$24,IF($H94="yes - no year 0",'Purchased Services Master'!$B$28*C$24,0)) -> 0 | D94: =IF($H94="yes",'Purchased Services Master'!$B$28*D$24,IF($H94="yes - no year 0",'Purchased Services Master'!$B$28*D$24,0)) -> 0 | E94: =IF($H94="yes",'Purchased Services Master'!$B$28*E$24,IF($H94="yes - no year 0",'Purchased Services Master'!$B$28*E$24,0)) -> 0 | F94: =IF($H94="yes",'Purchased Services Master'!$B$28*F$24,IF($H94="yes - no year 0",'Purchased Services Master'!$B$28*F$24,0)) -> 0 | G94: =IF($H94="yes",'Purchased Services Master'!$B$28*G$24,IF($H94="yes - no year 0",'Purchased Services Master'!$B$28*G$24,0)) -> 0 | H94: yes - no year 0 | J94: =CONCATENATE("$",'Purchased Services Master'!$B$28," per FPC, plus cost of postage") -> $2 per FPC, plus cost of postage
A96: PURCHASED SERVICES - CURRICULUM & INSTRUCTION SERVICES
A97: Art Show | B97: 0 | C97: 0 | D97: 0 | E97: 0 | F97: 0 | G97: 0 | H97: yes | J97: =CONCATENATE(VLOOKUP(A97,'Purchased Services Master'!A:B,2,FALSE)," ",VLOOKUP(A97,'Purchased Services Master'!A:C,3,FALSE)) -> Actual Cost 1-20; $100 21-50; $200 51-100; $300 100+; $400
A98: Spelling Bee | B98: 0 | C98: 0 | D98: 0 | E98: 0 | F98: 0 | G98: 0 | H98: yes | J98: =VLOOKUP(A98,'Purchased Services Master'!A:B,2,FALSE) -> $60 per participant
A99: eDCSD CO Cyber School | B99: 0 | C99: 0 | D99: 0 | E99: 0 | F99: 0 | G99: 0 | H99: no | J99: =VLOOKUP(A99,'Purchased Services Master'!A:B,2,FALSE)&" after 2 free courses if space available" -> $350 per course after 2 free courses if space available
A101: PURCHASED SERVICES - HEALTH SERVICES
A102: Homebound Services | B102: 0 | C102: 0 | D102: 0 | E102: 0 | F102: 0 | G102: 0 | H102: no | J102: =VLOOKUP(A102,'Purchased Services Master'!A:B,2,FALSE) -> Actual Cost per student
A104: PURCHASED SERVICES - HUMAN RESOURCES SERVICES
A105: Staffing Posting - basic (additional posting at cost) | B105: 0 | C105: 0 | D105: 0 | E105: 0 | F105: 0 | G105: 0 | H105: no | J105: =VLOOKUP(A105,'Purchased Services Master'!A:B,2,FALSE) -> $50 per posting
A106: Substitute One time Set-up Fee | B106: =IF(AND($H106="yes"),'Purchased Services Master'!$B$40,IF(AND($H106="yes - no year 0"),0,0)) -> 0 | C106: =IF(B106=600,0,IF(AND($H106="yes"),'Purchased Services Master'!$B$40,IF(AND($H106="yes - no year 0"),'Purchased Services Master'!$B$40,0))) -> 0 | D106: =IF(C106=600,0,IF(B106=600,0,IF(AND($H106="yes"),'Purchased Services Master'!$B$40,IF(AND($H106="yes - no year 0"),'Purchased Services Master'!$B$40,0)))) -> 0 | E106: =IF(D106=600,0,IF(B106=600,0,IF(C106=600,0,IF(AND($H106="yes"),'Purchased Services Master'!$B$40,IF(AND($H106="yes - no year 0"),'Purchased Services Master'!$B$40,0))))) -> 0 | F106: =IF(E106=600,0,IF(B106=600,0,IF(C106=600,0,IF(AND($H106="yes"),'Purchased Services Master'!$B$40,IF(AND($H106="yes - no year 0"),'Purchased Services Master'!$B$40,0))))) -> 0 | G106: =IF(F106=600,0,IF(B106=600,0,IF(C106=600,0,IF(AND($H106="yes"),'Purchased Services Master'!$B$40,IF(AND($H106="yes - no year 0"),'Purchased Services Master'!$B$40,0))))) -> 0 | H106: no | J106: =CONCATENATE("$",'Purchased Services Master'!B40," one time setup fee") -> $600 one time setup fee
A107: Substitute Administration and District Posting fee per year | B107: 0 | C107: 0 | D107: 0 | E107: 0 | F107: 0 | G107: 0 | H107: no | J107: $50 per posting
A108: Substitute Annual/license fee | B108: =IF(AND($H108="yes"),'Purchased Services Master'!$B41,IF(AND($H108="yes - no year 0"),0,0)) -> 0 | C108: =IF(AND($H108="yes"),'Purchased Services Master'!$B41,IF(AND($H108="yes - no year 0"),'Purchased Services Master'!$B41,0)) -> 0 | D108: =IF(AND($H108="yes"),'Purchased Services Master'!$B41,IF(AND($H108="yes - no year 0"),'Purchased Services Master'!$B41,0)) -> 0 | E108: =IF(AND($H108="yes"),'Purchased Services Master'!$B41,IF(AND($H108="yes - no year 0"),'Purchased Services Master'!$B41,0)) -> 0 | F108: =IF(AND($H108="yes"),'Purchased Services Master'!$B41,IF(AND($H108="yes - no year 0"),'Purchased Services Master'!$B41,0)) -> 0 | G108: =IF(AND($H108="yes"),'Purchased Services Master'!$B41,IF(AND($H108="yes - no year 0"),'Purchased Services Master'!$B41,0)) -> 0 | H108: no | J108: $600-800 annually
A110: PURCHASED SERVICES - INFORMATION TECHNOLOGY SERVICES
A111: Lumen Geo Max | B111: =IF(AND($H111="yes"),'Purchased Services Master'!$B44,IF(AND($H111="yes - no year 0"),0,0)) -> 0 | C111: =IF(AND($H111="yes"),'Purchased Services Master'!$B44,IF(AND($H111="yes - no year 0"),'Purchased Services Master'!$B44,0)) -> 0 | D111: =IF(AND($H111="yes"),'Purchased Services Master'!$B44,IF(AND($H111="yes - no year 0"),'Purchased Services Master'!$B$44,0)) -> 0 | E111: =IF(AND($H111="yes"),'Purchased Services Master'!$B44,IF(AND($H111="yes - no year 0"),'Purchased Services Master'!$B$44,0)) -> 0 | F111: =IF(AND($H111="yes"),'Purchased Services Master'!$B44,IF(AND($H111="yes - no year 0"),'Purchased Services Master'!$B$44,0)) -> 0 | G111: =IF(AND($H111="yes"),'Purchased Services Master'!$B44,IF(AND($H111="yes - no year 0"),'Purchased Services Master'!$B$44,0)) -> 0 | J111: ='Purchased Services Master'!C44 -> $698.24 per month
A112: T1 Circuit to Wan | B112: =IF(AND($H112="yes"),'Purchased Services Master'!$B45,IF(AND($H112="yes - no year 0"),0,0)) -> 0 | C112: =IF(B112=8000,0,IF(AND($H112="yes"),'Purchased Services Master'!$B$40,IF(AND($H112="yes - no year 0"),'Purchased Services Master'!$B$45,0))) -> 0 | D112: =IF(C112=8000,0,IF(B112=8000,0,IF(AND($H112="yes"),'Purchased Services Master'!$B$40,IF(AND($H112="yes - no year 0"),'Purchased Services Master'!$B$45,0)))) -> 0 | E112: =IF(D112=8000,0,IF(B112=8000,0,IF(C112=8000,0,IF(AND($H112="yes"),'Purchased Services Master'!$B$40,IF(AND($H112="yes - no year 0"),'Purchased Services Master'!$B$45,0))))) -> 0 | F112: =IF(E112=8000,0,IF(B112=8000,0,IF(C112=8000,0,IF(AND($H112="yes"),'Purchased Services Master'!$B$40,IF(AND($H112="yes - no year 0"),'Purchased Services Master'!$B$45,0))))) -> 0 | G112: =IF(F112=8000,0,IF(B112=8000,0,IF(C112=8000,0,IF(AND($H112="yes"),'Purchased Services Master'!$B$40,IF(AND($H112="yes - no year 0"),'Purchased Services Master'!$B$45,0))))) -> 0 | J112: =CONCATENATE("$",VLOOKUP(A112,'Purchased Services Master'!A:C,3,FALSE)) -> $8000 one-time router cost
...

Sheet Year 0
A1: =TEXT(Assumptions!A1,1) -> INSERT SCHOOL NAME
A2: YEAR 0
A3: FTE | B3: =Assumptions!B23 -> 0
A4: Funded Pupil Count | B4: =Assumptions!B24 -> 0
B5: BUDGET
A6: Revenues
A7: Local Support
A8: Mill Levy Override | B8: =ROUND(Assumptions!B30*Assumptions!B24,0) -> 0
A9: Tuition | B9: =Assumptions!B31 -> 0
A10: Food Services | B10: =Assumptions!B33 -> 0
A11: Interest Income | B11: =Assumptions!B32 -> 0
A12: Child Care Fees | B12: =Assumptions!B35 -> 0
A13: Student Participation Fees | B13: =Assumptions!B34 -> 0
A14: Rental/Lease | B14: =Assumptions!B37 -> 0
A15: Other Local Revenue | B15: =Assumptions!B36 -> 0
A16: Total Local Support | B16: =SUM(B8:B15) -> 0
A18: State Support
A19: Total Program (PPR x Funded Pupil Count) | B19: =ROUND(Assumptions!B24*Assumptions!B29,0) -> 0
A20: Capital Construction | B20: =ROUND(Assumptions!B38*Assumptions!B24,0) -> 0
A21: Other State Revenue | B21: =Assumptions!B40 -> 0
A22: Total State Support | B22: =SUM(B19:B21) -> 0
A24: Federal Support
A25: Federal Grant Income | B25: =Assumptions!B39 -> 0
A26: Total Federal Support | B26: =SUM(B25:B25) -> 0
A28: Total Revenues | B28: =SUM(B16,B22,B26) -> 0 | W28: =(Assumptions!B29*Assumptions!B24+Assumptions!B30*Assumptions!B23+Assumptions!B38*Assumptions!B24+Assumptions!B31+Assumptions!B32+Assumptions!B33+Assumptions!B34+Assumptions!B35+Assumptions!B36+Assumptions!B37+Assumptions!B39+Assumptions!B40)-$B$28 -> 0 | X28: Check
A30: Expenses
A31: INSTRUCTIONAL STAFF SALARIES
A32: Licensed (Teacher) Salaries | B32: =Assumptions!B43 -> 0
A33: Classified (Paraprofessional) Salaries | B33: =Assumptions!B44 -> 0
A34: Total Instructional Salaries | B34: =SUM(B32:B33) -> 0
A35: SUPPORT STAFF SALARIES
A36: Administrative | B36: =Assumptions!B48 -> 0
A37: Professional Salaries | B37: =Assumptions!B49 -> 0
A38: Licensed (Other) Salaries | B38: =Assumptions!B50 -> 0
A39: Classified (Other) Salaries | B39: =Assumptions!B51 -> 0
A40: Total Support Salaries | B40: =SUM(B36:B39) -> 0
A41: OTHER SALARIES
A42: Additional Pay - Instructional | B42: =Assumptions!B55 -> 0
A43: Additional Pay - Support | B43: =Assumptions!B56 -> 0
A44: Substitutes | B44: =Assumptions!B57*Assumptions!B59*Assumptions!B58 -> 0
A45: Total Other Salaries | B45: =SUM(B42:B44) -> 0 | W45: =(Assumptions!B57*Assumptions!B58*Assumptions!B59+Assumptions!B56+Assumptions!B55+Assumptions!B51+Assumptions!B50+Assumptions!B49+Assumptions!B48+Assumptions!B44+Assumptions!B43)-'Year 1'!$B$45-'Year 1'!$B$40-'Year 1'!$B$34 -> 0
A46: BENEFITS
A47: PERA | B47: =ROUND((B34+B40+B45)*Assumptions!B62,0) -> 0
A48: Medicare | B48: =ROUND((B34+B40+B45)*Assumptions!B63,0) -> 0
A49: Medical | B49: =ROUND((Assumptions!$B$45+Assumptions!$B$52)*Assumptions!B64,0) -> 0
A50: Dental | B50: =ROUND((Assumptions!$B$45+Assumptions!$B$52)*Assumptions!B65,0) -> 0
A51: Vision | B51: =ROUND((Assumptions!$B$45+Assumptions!$B$52)*Assumptions!B66,0) -> 0
A52: Life/Short Term Disability/Long Term Disability | B52: =ROUND((Assumptions!$B$45+Assumptions!$B$52)*Assumptions!B67,0) -> 0
A53: Other | B53: =ROUND((Assumptions!$B$45+Assumptions!$B$52)*Assumptions!B68,0) -> 0
A54: Total Benefits | B54: =SUM(B47:B53) -> 0
A55: Total Salaries and Benefits | B55: =B34+B40+B54+B45 -> 0
A57: REQUIRED PURCHASED SERVICES
A58: District Support Staff | B58: =Assumptions!B71 -> 0
A59: Emergency Management | B59: =Assumptions!B72 -> 0
A60: Student Information System (IC) | B60: =Assumptions!B73 -> 0
A61: Assessment Services: All State & District Required Assessments Include UIP | B61: =Assumptions!B74 -> 0
A62: Treasurer Fees | B62: =Assumptions!B75 -> 0
A63: Workday | B63: =Assumptions!B76 -> 0
A64: Gmail | B64: =Assumptions!B77 -> 0
A65: Start Up Grant Administration Fee | B65: =Assumptions!B78 -> 0
A66: Health Oversight | B66: =Assumptions!B79 -> 0
A67: Crisis Team Support | B67: =Assumptions!B80 -> 0
A68: ELD | B68: =Assumptions!B81 -> 0
A69: GTE | B69: =Assumptions!B82 -> 0
A70: Special Education | B70: =Assumptions!B83 -> 0
A71: Total Required Purchased Services | B71: =SUM(B58:B70) -> 0
A73: PURCHASED SERVICES - ASSESSMENT SERVICES
A74: CogAT (Gifted Education) | B74: =Assumptions!B86 -> 0
A75: TS Gold readiness assessment | B75: =Assumptions!B87 -> 0
A76: NWEA MAP Testing Reading, Math, lanuage | B76: =Assumptions!B88 -> 0
A77: NWEA MAP Testing Science | B77: =Assumptions!B89 -> 0
A78: i-ready (Complies with READ act) | B78: =Assumptions!B90 -> 0
A79: Total Assessment Services | B79: =SUM(B74:B78) -> 0
A81: PURCHASED SERVICES - BUSINESS SERVICES
A82: My School Bucks | B82: =Assumptions!B93 -> 0
A83: Intra-district Mail & Bulk Mailings | B83: =Assumptions!B94 -> 0
A84: Total Business Services | B84: =SUM(B82:B83) -> 0
A86: PURCHASED SERVICES - CURRICULUM & INSTRUCTION SERVICES
A87: Art Show | B87: =Assumptions!B97 -> 0
A88: Spelling Bee | B88: =Assumptions!B98 -> 0
A89: eDCSD CO Cyber School | B89: =Assumptions!B99 -> 0
A90: Total Curriculum & Instruction Services | B90: =SUM(B87:B89) -> 0
A92: PURCHASED SERVICES - HEALTH SERVICES
A93: Homebound Services | B93: =Assumptions!B102 -> 0
A94: Total Health Services | B94: =SUM(B93:B93) -> 0
A96: PURCHASED SERVICES - HUMAN RESOURCES SERVICES
A97: Staff Posting - basic (additional posting at cost) | B97: =Assumptions!B105 -> 0
A98: Substitute One time Set-up Fee | B98: =Assumptions!B106 -> 0
A99: Substitute Administration and District Posting fee per year | B99: =Assumptions!B107 -> 0
A100: Substitute Annual License Fee | B100: =Assumptions!B108 -> 0
A101: Total Human Resources Services | B101: =SUM(B97:B100) -> 0
A103: PURCHASED SERVICES - INFORMATION TECHNOLOGY SERVICES
A104: Qwest Geo Max | B104: =Assumptions!B111 -> 0
A105: T1 Circuit to Wan | B105: =Assumptions!B112 -> 0
A106: Network Router | B106: =Assumptions!B113 -> 0
A107: Total Information Technology Services | B107: =SUM(B104:B106) -> 0
A109: PURCHASED SERVICES - MEDIA SERVICES
A110: Full Media Services - includes Bibliographic services, technical support for Destiny Library, and bibliographic and technical support for e-content. Media/Resource access from the Innovation and Design Center. | B110: =Assumptions!B116 -> 0
A111: Overdrive renewal | B111: =Assumptions!B117 -> 0
A112: Movie Licensing USA | B112: =Assumptions!B118 -> 0
...

Sheet Year 1
A1: =TEXT(Assumptions!A1,1) -> INSERT SCHOOL NAME
A2: YEAR 1
A3: FTE | B3: =Assumptions!C23 -> 0
A4: Funded Pupil Count | B4: =Assumptions!C24 -> 0
B5: BUDGET
A6: Revenues
A7: Local Support
A8: Mill Levy Override | B8: =ROUND(Assumptions!C30*Assumptions!C23,0) -> 0
A9: Tuition | B9: =Assumptions!C31 -> 0
A10: Food Services | B10: =Assumptions!C33 -> 0
A11: Interest Income | B11: =Assumptions!C32 -> 0
A12: Child Care Fees | B12: =Assumptions!C35 -> 0
A13: Student Participation Fees | B13: =Assumptions!C34 -> 0
A14: Rental/Lease | B14: =Assumptions!C37 -> 0
A15: Other Local Revenue | B15: =Assumptions!C36 -> 0
A16: Total Local Support | B16: =SUM(B8:B15) -> 0
A18: State Support
A19: Total Program (PPR x Funded Pupil Count) | B19: =ROUND(Assumptions!C29*Assumptions!C24,0) -> 0
A20: Capital Construction | B20: =ROUND(Assumptions!C38*Assumptions!C23,0) -> 0
A21: Other State Revenue | B21: =Assumptions!C40 -> 0
A22: Total State Support | B22: =SUM(B19:B21) -> 0
A24: Federal Support
A25: Federal Grant Income | B25: =Assumptions!C39 -> 0
A26: Total Federal Support | B26: =SUM(B25:B25) -> 0
A28: Total Revenues | B28: =SUM(B16,B22,B26) -> 0 | W28: =(Assumptions!C29*Assumptions!C24+Assumptions!C30*Assumptions!C23+Assumptions!C38*Assumptions!C24+Assumptions!C31+Assumptions!C32+Assumptions!C33+Assumptions!C34+Assumptions!C35+Assumptions!C36+Assumptions!C37+Assumptions!C39+Assumptions!C40)-'Year 0'!$B$28 -> 0 | X28: Check
A30: Expenses
A31: INSTRUCTIONAL STAFF SALARIES
A32: Licensed (Teacher) Salaries | B32: =Assumptions!C43 -> 0
A33: Classified (Paraprofessional) Salaries | B33: =Assumptions!C44 -> 0
A34: Total Instructional Salaries | B34: =SUM(B32:B33) -> 0
A35: SUPPORT STAFF SALARIES
A36: Administrative | B36: =Assumptions!C48 -> 0
A37: Professional Salaries | B37: =Assumptions!C49 -> 0
A38: Licensed (Other) Salaries | B38: =Assumptions!C50 -> 0
A39: Classified (Other) Salaries | B39: =Assumptions!C51 -> 0
A40: Total Support Salaries | B40: =SUM(B36:B39) -> 0
A41: OTHER SALARIES
A42: Additional Pay - Instructional | B42: =Assumptions!C55 -> 0
A43: Additional Pay - Support | B43: =Assumptions!C56 -> 0
A44: Substitutes | B44: =Assumptions!C57*Assumptions!C59*Assumptions!C58 -> 0
A45: Total Other Salaries | B45: =SUM(B42:B44) -> 0 | W45: =(Assumptions!C57*Assumptions!C58*Assumptions!C59+Assumptions!C56+Assumptions!C55+Assumptions!C51+Assumptions!C50+Assumptions!C49+Assumptions!C48+Assumptions!C44+Assumptions!C43)-$B$45-$B$40-$B$34 -> 0
A46: BENEFITS
A47: PERA | B47: =ROUND((B34+B40+B45)*Assumptions!C62,0) -> 0
A48: Medicare | B48: =ROUND((B34+B40+B45)*Assumptions!C63,0) -> 0
A49: Medical | B49: =ROUND((Assumptions!$C$45+Assumptions!$C$52)*Assumptions!C64,0) -> 0
A50: Dental | B50: =ROUND((Assumptions!$C$45+Assumptions!$C$52)*Assumptions!C65,0) -> 0
A51: Vision | B51: =ROUND((Assumptions!$C$45+Assumptions!$C$52)*Assumptions!C66,0) -> 0
A52: Life/Short Term Disability/Long Term Disability | B52: =ROUND((Assumptions!$C$45+Assumptions!$C$52)*Assumptions!C67,0) -> 0
A53: Other | B53: =ROUND((Assumptions!$C$45+Assumptions!$C$52)*Assumptions!C68,0) -> 0
A54: TotalBenefits | B54: =SUM(B47:B53) -> 0 | W54: =((Assumptions!C45+Assumptions!C52)*Assumptions!C64+(Assumptions!C45+Assumptions!C52)*Assumptions!C65+(Assumptions!C45+Assumptions!C52)*Assumptions!C66+(Assumptions!C45+Assumptions!C52)*Assumptions!C67+(Assumptions!C45+Assumptions!C52)*Assumptions!C68)+((Assumptions!C57*Assumptions!C58*Assumptions!C59+Assumptions!C56+Assumptions!C55+Assumptions!C51+Assumptions!C50+Assumptions!C49+Assumptions!C48+Assumptions!C44+Assumptions!C43)*Assumptions!C62)+((Assumptions!C57*Assumptions!C58*Assumptions!C59+Assumptions!C56+Assumptions!C55+Assumptions!C51+Assumptions!C50+Assumptions!C49+Assumptions!C48+Assumptions!C44+Assumptions!C43)*Assumptions!C63)-B54 -> 0
A55: Total Salaries and Benefits | B55: =B34+B40+B54+B45 -> 0
A57: REQUIRED PURCHASED SERVICES
A58: District Support Staff | B58: =Assumptions!C71 -> 0
A59: Emergency Management | B59: =Assumptions!C72 -> 0
A60: Student Information System (IC) | B60: =Assumptions!C73 -> 0
A61: Assessment Services: All State & District Required Assessments Include UIP | B61: =Assumptions!C74 -> 0
A62: Treasurer Fees | B62: =Assumptions!C75 -> 0
A63: Workday | B63: =Assumptions!C76 -> 0
A64: Gmail | B64: =Assumptions!C77 -> 0
A65: Start Up Grant Administration Fee | B65: =Assumptions!C78 -> 0
A66: Health Oversight | B66: =Assumptions!C79 -> 0
A67: Crisis Team Support | B67: =Assumptions!C80 -> 0
A68: ELD | B68: =Assumptions!C81 -> 0
A69: GTE | B69: =Assumptions!C82 -> 0
A70: Special Education | B70: =Assumptions!C83 -> 0
A71: Total Required Purchased Services | B71: =SUM(B58:B70) -> 0
A73: PURCHASED SERVICES - ASSESSMENT SERVICES
A74: CogAT (Gifted Education) | B74: =Assumptions!C86 -> 0
A75: TS Gold readiness assessment | B75: =Assumptions!C87 -> 0
A76: NWEA MAP Testing Reading, Math, lanuage | B76: =Assumptions!C88 -> 0
A77: NWEA MAP Testing Science | B77: =Assumptions!C89 -> 0
A78: i-ready (Complies with READ act) | B78: =Assumptions!C90 -> 0
A79: Total Assessment Services | B79: =SUM(B74:B78) -> 0
A81: PURCHASED SERVICES - BUSINESS SERVICES
A82: My School Bucks | B82: =Assumptions!C93 -> 0
A83: Intra-district Mail & Bulk Mailings | B83: =Assumptions!C94 -> 0
A84: Total Business Services | B84: =SUM(B82:B83) -> 0
A86: PURCHASED SERVICES - CURRICULUM & INSTRUCTION SERVICES
A87: Art Show | B87: =Assumptions!C97 -> 0
A88: Spelling Bee | B88: =Assumptions!C98 -> 0
A89: eDCSD CO Cyber School | B89: =Assumptions!C99 -> 0
A90: Total Curriculum & Instruction Services | B90: =SUM(B87:B89) -> 0
A92: PURCHASED SERVICES - HEALTH SERVICES
A93: Homebound Services | B93: =Assumptions!C102 -> 0
A94: Total Health Services | B94: =SUM(B93:B93) -> 0
A96: PURCHASED SERVICES - HUMAN RESOURCES SERVICES
A97: Staff Posting - basic (additional posting at cost) | B97: =Assumptions!C105 -> 0
A98: Substitute One time Set-up Fee | B98: =Assumptions!C106 -> 0
A99: Substitute Administration and District Posting fee per year | B99: =Assumptions!C107 -> 0
A100: Substitute Annual License Fee | B100: =Assumptions!C108 -> 0
A101: Total Human Resources Services | B101: =SUM(B97:B100) -> 0
A103: PURCHASED SERVICES - INFORMATION TECHNOLOGY SERVICES
A104: Qwest Geo Max | B104: =Assumptions!C111 -> 0
A105: T1 Circuit to Wan | B105: =Assumptions!C112 -> 0
A106: Network Router | B106: =Assumptions!C113 -> 0
A107: Total Information Technology Services | B107: =SUM(B104:B106) -> 0
A109: PURCHASED SERVICES - MEDIA SERVICES
A110: Full Media Services - includes Bibliographic services, technical support for Destiny Library, and bibliographic and technical support for e-content. Media/Resource access from the Innovation and Design Center. | B110: =Assumptions!C116 -> 0
A111: Overdrive renewal | B111: =Assumptions!C117 -> 0
A112: Movie Licensing USA | B112: =Assumptions!C118 -> 0
...

Sheet Year 2
A1: =TEXT(Assumptions!A1,1) -> INSERT SCHOOL NAME
A2: YEAR 2
A3: FTE | B3: =Assumptions!D23 -> 0
A4: Funded Pupil Count | B4: =Assumptions!D24 -> 0
B5: BUDGET
A6: Revenues
A7: Local Support
A8: Mill Levy Override | B8: =ROUND(Assumptions!D30*Assumptions!D23,0) -> 0
A9: Tuition | B9: =Assumptions!D31 -> 0
A10: Food Services | B10: =Assumptions!D33 -> 0
A11: Interest Income | B11: =Assumptions!D32 -> 0
A12: Child Care Fees | B12: =Assumptions!D35 -> 0
A13: Student Participation Fees | B13: =Assumptions!D34 -> 0
A14: Rental/Lease | B14: =Assumptions!D37 -> 0
A15: Other Local Revenue | B15: =Assumptions!D36 -> 0
A16: Total Local Support | B16: =SUM(B8:B15) -> 0
A18: State Support
A19: Total Program (PPR x Funded Pupil Count) | B19: =ROUND(Assumptions!D29*Assumptions!D24,0) -> 0
A20: Capital Construction | B20: =ROUND(Assumptions!D38*Assumptions!D23,0) -> 0
A21: Other State Revenue | B21: =Assumptions!D40 -> 0
A22: Total State Support | B22: =SUM(B19:B21) -> 0
A24: Federal Support
A25: Federal Grant Income | B25: =Assumptions!D39 -> 0
A26: Total Federal Support | B26: =SUM(B25:B25) -> 0
A28: Total Revenues | B28: =SUM(B16,B22,B26) -> 0 | W28: =(Assumptions!D29*Assumptions!D24+Assumptions!D30*Assumptions!D23+Assumptions!D38*Assumptions!D24+Assumptions!D31+Assumptions!D32+Assumptions!D33+Assumptions!D34+Assumptions!D35+Assumptions!D36+Assumptions!D37+Assumptions!D39+Assumptions!D40)-'Year 0'!$B$28 -> 0 | X28: Check
A30: Expenses
A31: INSTRUCTIONAL STAFF SALARIES
A32: Licensed (Teacher) Salaries | B32: =Assumptions!D43 -> 0
A33: Classified (Paraprofessional) Salaries | B33: =Assumptions!D44 -> 0
A34: Total Instructional Salaries | B34: =SUM(B32:B33) -> 0
A35: SUPPORT STAFF SALARIES
A36: Administrative | B36: =Assumptions!D48 -> 0
A37: Professional Salaries | B37: =Assumptions!D49 -> 0
A38: Licensed (Other) Salaries | B38: =Assumptions!D50 -> 0
A39: Classified (Other) Salaries | B39: =Assumptions!D51 -> 0
A40: Total Support Salaries | B40: =SUM(B36:B39) -> 0
A41: OTHER SALARIES
A42: Additional Pay - Instructional | B42: =Assumptions!D55 -> 0
A43: Additional Pay - Support | B43: =Assumptions!D56 -> 0
A44: Substitutes | B44: =Assumptions!D57*Assumptions!D59*Assumptions!D58 -> 0
A45: Total Other Salaries | B45: =SUM(B42:B44) -> 0 | W45: =(Assumptions!D57*Assumptions!D58*Assumptions!D59+Assumptions!D56+Assumptions!D55+Assumptions!D51+Assumptions!D50+Assumptions!D49+Assumptions!D48+Assumptions!D44+Assumptions!D43)-'Year 1'!$B$45-'Year 1'!$B$40-'Year 1'!$B$34 -> 0
A46: BENEFITS
A47: PERA | B47: =ROUND((B34+B40+B45)*Assumptions!D62,0) -> 0
A48: Medicare | B48: =ROUND((B34+B40+B45)*Assumptions!D63,0) -> 0
A49: Medical | B49: =ROUND((Assumptions!$D$45+Assumptions!$D$52)*Assumptions!D64,0) -> 0
A50: Dental | B50: =ROUND((Assumptions!$D$45+Assumptions!$D$52)*Assumptions!D65,0) -> 0
A51: Vision | B51: =ROUND((Assumptions!$D$45+Assumptions!$D$52)*Assumptions!D66,0) -> 0
A52: Life/Short Term Disability/Long Term Disability | B52: =ROUND((Assumptions!$D$45+Assumptions!$D$52)*Assumptions!D67,0) -> 0
A53: Other | B53: =ROUND((Assumptions!$D$45+Assumptions!$D$52)*Assumptions!D68,0) -> 0
A54: TotalBenefits | B54: =SUM(B47:B53) -> 0
A55: Total Salaries and Benefits | B55: =B34+B40+B54+B45 -> 0
A57: REQUIRED PURCHASED SERVICES
A58: District Support Staff | B58: =Assumptions!D71 -> 0
A59: Emergency Management | B59: =Assumptions!D72 -> 0
A60: Student Information System (IC) | B60: =Assumptions!D73 -> 0
A61: Assessment Services: All State & District Required Assessments Include UIP | B61: =Assumptions!D74 -> 0
A62: Treasurer Fees | B62: =Assumptions!D75 -> 0
A63: Workday | B63: =Assumptions!D76 -> 0
A64: Gmail | B64: =Assumptions!D77 -> 0
A65: Start Up Grant Administration Fee | B65: =Assumptions!D78 -> 0
A66: Health Oversight | B66: =Assumptions!D79 -> 0
A67: Crisis Team Support | B67: =Assumptions!D80 -> 0
A68: ELD | B68: =Assumptions!D81 -> 0
A69: GTE | B69: =Assumptions!D82 -> 0
A70: Special Education | B70: =Assumptions!D83 -> 0
A71: Total Required Purchased Services | B71: =SUM(B58:B70) -> 0
A73: PURCHASED SERVICES - ASSESSMENT SERVICES
A74: CogAT (Gifted Education) | B74: =Assumptions!D86 -> 0
A75: TS Gold readiness assessment | B75: =Assumptions!D87 -> 0
A76: NWEA MAP Testing Reading, Math, lanuage | B76: =Assumptions!D88 -> 0
A77: NWEA MAP Testing Science | B77: =Assumptions!D89 -> 0
A78: i-ready (Complies with READ act) | B78: =Assumptions!D90 -> 0
A79: Total Assessment Services | B79: =SUM(B74:B78) -> 0
A81: PURCHASED SERVICES - BUSINESS SERVICES
A82: My School Bucks | B82: =Assumptions!D93 -> 0
A83: Intra-district Mail & Bulk Mailings | B83: =Assumptions!D94 -> 0
A84: Total Business Services | B84: =SUM(B82:B83) -> 0
A86: PURCHASED SERVICES - CURRICULUM & INSTRUCTION SERVICES
A87: Art Show | B87: =Assumptions!D97 -> 0
A88: Spelling Bee | B88: =Assumptions!D98 -> 0
A89: eDCSD CO Cyber School | B89: =Assumptions!D99 -> 0
A90: Total Curriculum & Instruction Services | B90: =SUM(B87:B89) -> 0
A92: PURCHASED SERVICES - HEALTH SERVICES
A93: Homebound Services | B93: =Assumptions!D102 -> 0
A94: Total Health Services | B94: =SUM(B93:B93) -> 0
A96: PURCHASED SERVICES - HUMAN RESOURCES SERVICES
A97: Staff Posting - basic (additional posting at cost) | B97: =Assumptions!D105 -> 0
A98: Substitute One time Set-up Fee | B98: =Assumptions!D106 -> 0
A99: Substitute Administration and District Posting fee per year | B99: =Assumptions!D107 -> 0
A100: Substitute Annual License Fee | B100: =Assumptions!D108 -> 0
A101: Total Human Resources Services | B101: =SUM(B97:B100) -> 0
A103: PURCHASED SERVICES - INFORMATION TECHNOLOGY SERVICES
A104: Qwest Geo Max | B104: =Assumptions!D111 -> 0
A105: T1 Circuit to Wan | B105: =Assumptions!D112 -> 0
A106: Network Router | B106: =Assumptions!D113 -> 0
A107: Total Information Technology Services | B107: =SUM(B104:B106) -> 0
A109: PURCHASED SERVICES - MEDIA SERVICES
A110: Full Media Services - includes Bibliographic services, technical support for Destiny Library, and bibliographic and technical support for e-content. Media/Resource access from the Innovation and Design Center. | B110: =Assumptions!D116 -> 0
A111: Overdrive renewal | B111: =Assumptions!D117 -> 0
A112: Movie Licensing USA | B112: =Assumptions!D118 -> 0
...

Sheet Year 3
A1: =TEXT(Assumptions!A1,1) -> INSERT SCHOOL NAME
A2: YEAR 3
A3: FTE | B3: =Assumptions!E23 -> 0
A4: Funded Pupil Count | B4: =Assumptions!E24 -> 0
B5: BUDGET
A6: Revenues
A7: Local Support
A8: Mill Levy Override | B8: =ROUND(Assumptions!E30*Assumptions!E23,0) -> 0
A9: Tuition | B9: =Assumptions!E31 -> 0
A10: Food Services | B10: =Assumptions!E33 -> 0
A11: Interest Income | B11: =Assumptions!E32 -> 0
A12: Child Care Fees | B12: =Assumptions!E35 -> 0
A13: Student Participation Fees | B13: =Assumptions!E34 -> 0
A14: Rental/Lease | B14: =Assumptions!E37 -> 0
A15: Other Local Revenue | B15: =Assumptions!E36 -> 0
A16: Total Local Support | B16: =SUM(B8:B15) -> 0
A18: State Support
A19: Total Program (PPR x Funded Pupil Count) | B19: =ROUND(Assumptions!E29*Assumptions!E24,0) -> 0
A20: Capital Construction | B20: =ROUND(Assumptions!E38*Assumptions!E23,0) -> 0
A21: Other State Revenue | B21: =Assumptions!E40 -> 0
A22: Total State Support | B22: =SUM(B19:B21) -> 0
A24: Federal Support
A25: Federal Grant Income | B25: =Assumptions!E39 -> 0
A26: Total Federal Support | B26: =SUM(B25:B25) -> 0
A28: Total Revenues | B28: =SUM(B16,B22,B26) -> 0 | W28: =(Assumptions!E29*Assumptions!E24+Assumptions!E30*Assumptions!E23+Assumptions!E38*Assumptions!E24+Assumptions!E31+Assumptions!E32+Assumptions!E33+Assumptions!E34+Assumptions!E35+Assumptions!E36+Assumptions!E37+Assumptions!E39+Assumptions!E40)-'Year 0'!$B$28 -> 0 | X28: Check
A30: Expenses
A31: INSTRUCTIONAL STAFF SALARIES
A32: Licensed (Teacher) Salaries | B32: =Assumptions!E43 -> 0
A33: Classified (Paraprofessional) Salaries | B33: =Assumptions!E44 -> 0
A34: Total Instructional Salaries | B34: =SUM(B32:B33) -> 0
A35: SUPPORT STAFF SALARIES
A36: Administrative | B36: =Assumptions!E48 -> 0
A37: Professional Salaries | B37: =Assumptions!E49 -> 0
A38: Licensed (Other) Salaries | B38: =Assumptions!E50 -> 0
A39: Classified (Other) Salaries | B39: =Assumptions!E51 -> 0
A40: Total Support Salaries | B40: =SUM(B36:B39) -> 0
A41: OTHER SALARIES
A42: Additional Pay - Instructional | B42: =Assumptions!E55 -> 0
A43: Additional Pay - Support | B43: =Assumptions!E56 -> 0
A44: Substitutes | B44: =Assumptions!E57*Assumptions!E59*Assumptions!E58 -> 0
A45: Total Other Salaries | B45: =SUM(B42:B44) -> 0 | W45: =(Assumptions!E57*Assumptions!E58*Assumptions!E59+Assumptions!E56+Assumptions!E55+Assumptions!E51+Assumptions!E50+Assumptions!E49+Assumptions!E48+Assumptions!E44+Assumptions!E43)-'Year 1'!$B$45-'Year 1'!$B$40-'Year 1'!$B$34 -> 0
A46: BENEFITS
A47: PERA | B47: =ROUND((B34+B40+B45)*Assumptions!E62,0) -> 0
A48: Medicare | B48: =ROUND((B34+B40+B45)*Assumptions!E63,0) -> 0
A49: Medical | B49: =ROUND((Assumptions!$E$45+Assumptions!$E$52)*Assumptions!E64,0) -> 0
A50: Dental | B50: =ROUND((Assumptions!$E$45+Assumptions!$E$52)*Assumptions!E65,0) -> 0
A51: Vision | B51: =ROUND((Assumptions!$E$45+Assumptions!$E$52)*Assumptions!E66,0) -> 0
A52: Life/Short Term Disability/Long Term Disability | B52: =ROUND((Assumptions!$E$45+Assumptions!$E$52)*Assumptions!E67,0) -> 0
A53: Other | B53: =ROUND((Assumptions!$E$45+Assumptions!$E$52)*Assumptions!E68,0) -> 0
A54: TotalBenefits | B54: =SUM(B47:B53) -> 0
A55: Total Salaries and Benefits | B55: =B34+B40+B54+B45 -> 0
A57: REQUIRED PURCHASED SERVICES
A58: District Support Staff | B58: =Assumptions!E71 -> 0
A59: Emergency Management | B59: =Assumptions!E72 -> 0
A60: Student Information System (IC) | B60: =Assumptions!E73 -> 0
A61: Assessment Services: All State & District Required Assessments Include UIP | B61: =Assumptions!E74 -> 0
A62: Treasurer Fees | B62: =Assumptions!E75 -> 0
A63: Workday | B63: =Assumptions!E76 -> 0
A64: Gmail | B64: =Assumptions!E77 -> 0
A65: Start Up Grant Administration Fee | B65: =Assumptions!E78 -> 0
A66: Health Oversight | B66: =Assumptions!E79 -> 0
A67: Crisis Team Support | B67: =Assumptions!E80 -> 0
A68: ELD | B68: =Assumptions!E81 -> 0
A69: GTE | B69: =Assumptions!E82 -> 0
A70: Special Education | B70: =Assumptions!E83 -> 0
A71: Total Required Purchased Services | B71: =SUM(B58:B70) -> 0
A73: PURCHASED SERVICES - ASSESSMENT SERVICES
A74: CogAT (Gifted Education) | B74: =Assumptions!E86 -> 0
A75: TS Gold readiness assessment | B75: =Assumptions!E87 -> 0
A76: NWEA MAP Testing Reading, Math, lanuage | B76: =Assumptions!E88 -> 0
A77: NWEA MAP Testing Science | B77: =Assumptions!E89 -> 0
A78: i-ready (Complies with READ act) | B78: =Assumptions!E90 -> 0
A79: Total Assessment Services | B79: =SUM(B74:B78) -> 0
A81: PURCHASED SERVICES - BUSINESS SERVICES
A82: My School Bucks | B82: =Assumptions!E93 -> 0
A83: Intra-district Mail & Bulk Mailings | B83: =Assumptions!E94 -> 0
A84: Total Business Services | B84: =SUM(B82:B83) -> 0
A86: PURCHASED SERVICES - CURRICULUM & INSTRUCTION SERVICES
A87: Art Show | B87: =Assumptions!E97 -> 0
A88: Spelling Bee | B88: =Assumptions!E98 -> 0
A89: eDCSD CO Cyber School | B89: =Assumptions!E99 -> 0
A90: Total Curriculum & Instruction Services | B90: =SUM(B87:B89) -> 0
A92: PURCHASED SERVICES - HEALTH SERVICES
A93: Homebound Services | B93: =Assumptions!E102 -> 0
A94: Total Health Services | B94: =SUM(B93:B93) -> 0
A96: PURCHASED SERVICES - HUMAN RESOURCES SERVICES
A97: Staff Posting - basic (additional posting at cost) | B97: =Assumptions!E105 -> 0
A98: Substitute One time Set-up Fee | B98: =Assumptions!E106 -> 0
A99: Substitute Administration and District Posting fee per year | B99: =Assumptions!E107 -> 0
A100: Substitute Annual License Fee | B100: =Assumptions!E108 -> 0
A101: Total Human Resources Services | B101: =SUM(B97:B100) -> 0
A103: PURCHASED SERVICES - INFORMATION TECHNOLOGY SERVICES
A104: Qwest Geo Max | B104: =Assumptions!E111 -> 0
A105: T1 Circuit to Wan | B105: =Assumptions!E112 -> 0
A106: Network Router | B106: =Assumptions!E113 -> 0
A107: Total Information Technology Services | B107: =SUM(B104:B106) -> 0
A109: PURCHASED SERVICES - MEDIA SERVICES
A110: Full Media Services - includes Bibliographic services, technical support for Destiny Library, and bibliographic and technical support for e-content. Media/Resource access from the Innovation and Design Center. | B110: =Assumptions!E116 -> 0
A111: Overdrive renewal | B111: =Assumptions!E117 -> 0
A112: Movie Licensing USA | B112: =Assumptions!E118 -> 0
...

Sheet Year 4
A1: =TEXT(Assumptions!A1,1) -> INSERT SCHOOL NAME
A2: YEAR 4
A3: FTE | B3: =Assumptions!F23 -> 0
A4: Funded Pupil Count | B4: =Assumptions!F24 -> 0
B5: BUDGET
A6: Revenues
A7: Local Support
A8: Mill Levy Override | B8: =ROUND(Assumptions!F30*Assumptions!F23,0) -> 0
A9: Tuition | B9: =Assumptions!F31 -> 0
A10: Food Services | B10: =Assumptions!F33 -> 0
A11: Interest Income | B11: =Assumptions!F32 -> 0
A12: Child Care Fees | B12: =Assumptions!F35 -> 0
A13: Student Participation Fees | B13: =Assumptions!F34 -> 0
A14: Rental/Lease | B14: =Assumptions!F37 -> 0
A15: Other Local Revenue | B15: =Assumptions!F36 -> 0
A16: Total Local Support | B16: =SUM(B8:B15) -> 0
A18: State Support
A19: Total Program (PPR x Funded Pupil Count) | B19: =ROUND(Assumptions!F29*Assumptions!F24,0) -> 0
A20: Capital Construction | B20: =ROUND(Assumptions!F38*Assumptions!F23,0) -> 0
A21: Other State Revenue | B21: =Assumptions!F40 -> 0
A22: Total State Support | B22: =SUM(B19:B21) -> 0
A24: Federal Support
A25: Federal Grant Income | B25: =Assumptions!F39 -> 0
A26: Total Federal Support | B26: =SUM(B25:B25) -> 0
A28: Total Revenues | B28: =SUM(B16,B22,B26) -> 0 | W28: =(Assumptions!F29*Assumptions!F24+Assumptions!F30*Assumptions!F23+Assumptions!F38*Assumptions!F24+Assumptions!F31+Assumptions!F32+Assumptions!F33+Assumptions!F34+Assumptions!F35+Assumptions!F36+Assumptions!F37+Assumptions!F39+Assumptions!F40)-'Year 0'!$B$28 -> 0 | X28: Check
A30: Expenses
A31: INSTRUCTIONAL STAFF SALARIES
A32: Licensed (Teacher) Salaries | B32: =Assumptions!F43 -> 0
A33: Classified (Paraprofessional) Salaries | B33: =Assumptions!F44 -> 0
A34: Total Instructional Salaries | B34: =SUM(B32:B33) -> 0
A35: SUPPORT STAFF SALARIES
A36: Administrative | B36: =Assumptions!F48 -> 0
A37: Professional Salaries | B37: =Assumptions!F49 -> 0
A38: Licensed (Other) Salaries | B38: =Assumptions!F50 -> 0
A39: Classified (Other) Salaries | B39: =Assumptions!F51 -> 0
A40: Total Support Salaries | B40: =SUM(B36:B39) -> 0
A41: OTHER SALARIES
A42: Additional Pay - Instructional | B42: =Assumptions!F55 -> 0
A43: Additional Pay - Support | B43: =Assumptions!F56 -> 0
A44: Substitutes | B44: =Assumptions!F57*Assumptions!F59*Assumptions!F58 -> 0
A45: Total Other Salaries | B45: =SUM(B42:B44) -> 0 | W45: =(Assumptions!F57*Assumptions!F58*Assumptions!F59+Assumptions!F56+Assumptions!F55+Assumptions!F51+Assumptions!F50+Assumptions!F49+Assumptions!F48+Assumptions!F44+Assumptions!F43)-'Year 1'!$B$45-'Year 1'!$B$40-'Year 1'!$B$34 -> 0
A46: BENEFITS
A47: PERA | B47: =ROUND((B34+B40+B45)*Assumptions!F62,0) -> 0
A48: Medicare | B48: =ROUND((B34+B40+B45)*Assumptions!F63,0) -> 0
A49: Medical | B49: =ROUND((Assumptions!$F$45+Assumptions!$F$52)*Assumptions!F64,0) -> 0
A50: Dental | B50: =ROUND((Assumptions!$F$45+Assumptions!$F$52)*Assumptions!F65,0) -> 0
A51: Vision | B51: =ROUND((Assumptions!$F$45+Assumptions!$F$52)*Assumptions!F66,0) -> 0
A52: Life/Short Term Disability/Long Term Disability | B52: =ROUND((Assumptions!$F$45+Assumptions!$F$52)*Assumptions!F67,0) -> 0
A53: Other | B53: =ROUND((Assumptions!$F$45+Assumptions!$F$52)*Assumptions!F68,0) -> 0
A54: TotalBenefits | B54: =SUM(B47:B53) -> 0
A55: Total Salaries and Benefits | B55: =B34+B40+B54+B45 -> 0
A57: REQUIRED PURCHASED SERVICES
A58: District Support Staff | B58: =Assumptions!F71 -> 0
A59: Emergency Management | B59: =Assumptions!F72 -> 0
A60: Student Information System (IC) | B60: =Assumptions!F73 -> 0
A61: Assessment Services: All State & District Required Assessments Include UIP | B61: =Assumptions!F74 -> 0
A62: Treasurer Fees | B62: =Assumptions!F75 -> 0
A63: Workday | B63: =Assumptions!F76 -> 0
A64: Gmail | B64: =Assumptions!F77 -> 0
A65: Start Up Grant Administration Fee | B65: =Assumptions!F78 -> 0
A66: Health Oversight | B66: =Assumptions!F79 -> 0
A67: Crisis Team Support | B67: =Assumptions!F80 -> 0
A68: ELD | B68: =Assumptions!F81 -> 0
A69: GTE | B69: =Assumptions!F82 -> 0
A70: Special Education | B70: =Assumptions!F83 -> 0
A71: Total Required Purchased Services | B71: =SUM(B58:B70) -> 0
A73: PURCHASED SERVICES - ASSESSMENT SERVICES
A74: CogAT (Gifted Education) | B74: =Assumptions!F86 -> 0
A75: TS Gold readiness assessment | B75: =Assumptions!F87 -> 0
A76: NWEA MAP Testing Reading, Math, lanuage | B76: =Assumptions!F88 -> 0
A77: NWEA MAP Testing Science | B77: =Assumptions!F89 -> 0
A78: i-ready (Complies with READ act) | B78: =Assumptions!F90 -> 0
A79: Total Assessment Services | B79: =SUM(B74:B78) -> 0
A81: PURCHASED SERVICES - BUSINESS SERVICES
A82: My School Bucks | B82: =Assumptions!F93 -> 0
A83: Intra-district Mail & Bulk Mailings | B83: =Assumptions!F94 -> 0
A84: Total Business Services | B84: =SUM(B82:B83) -> 0
A86: PURCHASED SERVICES - CURRICULUM & INSTRUCTION SERVICES
A87: Art Show | B87: =Assumptions!F97 -> 0
A88: Spelling Bee | B88: =Assumptions!F98 -> 0
A89: eDCSD CO Cyber School | B89: =Assumptions!F99 -> 0
A90: Total Curriculum & Instruction Services | B90: =SUM(B87:B89) -> 0
A92: PURCHASED SERVICES - HEALTH SERVICES
A93: Homebound Services | B93: =Assumptions!F102 -> 0
A94: Total Health Services | B94: =SUM(B93:B93) -> 0
A96: PURCHASED SERVICES - HUMAN RESOURCES SERVICES
A97: Staff Posting - basic (additional posting at cost) | B97: =Assumptions!F105 -> 0
A98: Substitute One time Set-up Fee | B98: =Assumptions!F106 -> 0
A99: Substitute Administration and District Posting fee per year | B99: =Assumptions!F107 -> 0
A100: Substitute Annual License Fee | B100: =Assumptions!F108 -> 0
A101: Total Human Resources Services | B101: =SUM(B97:B100) -> 0
A103: PURCHASED SERVICES - INFORMATION TECHNOLOGY SERVICES
A104: Qwest Geo Max | B104: =Assumptions!F111 -> 0
A105: T1 Circuit to Wan | B105: =Assumptions!F112 -> 0
A106: Network Router | B106: =Assumptions!F113 -> 0
A107: Total Information Technology Services | B107: =SUM(B104:B106) -> 0
A109: PURCHASED SERVICES - MEDIA SERVICES
A110: Full Media Services - includes Bibliographic services, technical support for Destiny Library, and bibliographic and technical support for e-content. Media/Resource access from the Innovation and Design Center. | B110: =Assumptions!F116 -> 0
A111: Overdrive renewal | B111: =Assumptions!F117 -> 0
A112: Movie Licensing USA | B112: =Assumptions!F118 -> 0
...

Sheet Year 5
A1: =TEXT(Assumptions!A1,1) -> INSERT SCHOOL NAME
A2: YEAR 5
A3: FTE | B3: =Assumptions!G23 -> 0
A4: Funded Pupil Count | B4: =Assumptions!G24 -> 0
B5: BUDGET
A6: Revenues
A7: Local Support
A8: Mill Levy Override | B8: =ROUND(Assumptions!G30*Assumptions!G23,0) -> 0
A9: Tuition | B9: =Assumptions!G31 -> 0
A10: Food Services | B10: =Assumptions!G33 -> 0
A11: Interest Income | B11: =Assumptions!G32 -> 0
A12: Child Care Fees | B12: =Assumptions!G35 -> 0
A13: Student Participation Fees | B13: =Assumptions!G34 -> 0
A14: Rental/Lease | B14: =Assumptions!G37 -> 0
A15: Other Local Revenue | B15: =Assumptions!G36 -> 0
A16: Total Local Support | B16: =SUM(B8:B15) -> 0
A18: State Support
A19: Total Program (PPR x Funded Pupil Count) | B19: =ROUND(Assumptions!G29*Assumptions!G24,0) -> 0
A20: Capital Construction | B20: =ROUND(Assumptions!G38*Assumptions!G23,0) -> 0
A21: Other State Revenue | B21: =Assumptions!G40 -> 0
A22: Total State Support | B22: =SUM(B19:B21) -> 0
A24: Federal Support
A25: Federal Grant Income | B25: =Assumptions!G39 -> 0
A26: Total Federal Support | B26: =SUM(B25:B25) -> 0
A28: Total Revenues | B28: =SUM(B16,B22,B26) -> 0 | W28: =(Assumptions!G29*Assumptions!G24+Assumptions!G30*Assumptions!G23+Assumptions!G38*Assumptions!G24+Assumptions!G31+Assumptions!G32+Assumptions!G33+Assumptions!G34+Assumptions!G35+Assumptions!G36+Assumptions!G37+Assumptions!G39+Assumptions!G40)-'Year 0'!$B$28 -> 0 | X28: Check
A30: Expenses
A31: INSTRUCTIONAL STAFF SALARIES
A32: Licensed (Teacher) Salaries | B32: =Assumptions!G43 -> 0
A33: Classified (Paraprofessional) Salaries | B33: =Assumptions!G44 -> 0
A34: Total Instructional Salaries | B34: =SUM(B32:B33) -> 0
A35: SUPPORT STAFF SALARIES
A36: Administrative | B36: =Assumptions!G48 -> 0
A37: Professional Salaries | B37: =Assumptions!G49 -> 0
A38: Licensed (Other) Salaries | B38: =Assumptions!G50 -> 0
A39: Classified (Other) Salaries | B39: =Assumptions!G51 -> 0
A40: Total Support Salaries | B40: =SUM(B36:B39) -> 0
A41: OTHER SALARIES
A42: Additional Pay - Instructional | B42: =Assumptions!G55 -> 0
A43: Additional Pay - Support | B43: =Assumptions!G56 -> 0
A44: Substitutes | B44: =Assumptions!G57*Assumptions!G59*Assumptions!G58 -> 0
A45: Total Other Salaries | B45: =SUM(B42:B44) -> 0 | W45: =(Assumptions!G57*Assumptions!G58*Assumptions!G59+Assumptions!G56+Assumptions!G55+Assumptions!G51+Assumptions!G50+Assumptions!G49+Assumptions!G48+Assumptions!G44+Assumptions!G43)-'Year 1'!$B$45-'Year 1'!$B$40-'Year 1'!$B$34 -> 0
A46: BENEFITS
A47: PERA | B47: =ROUND((B34+B40+B45)*Assumptions!G62,0) -> 0
A48: Medicare | B48: =ROUND((B34+B40+B45)*Assumptions!G63,0) -> 0
A49: Medical | B49: =ROUND((Assumptions!$G$45+Assumptions!$G$52)*Assumptions!G64,0) -> 0
A50: Dental | B50: =ROUND((Assumptions!$G$45+Assumptions!$G$52)*Assumptions!G65,0) -> 0
A51: Vision | B51: =ROUND((Assumptions!$G$45+Assumptions!$G$52)*Assumptions!G66,0) -> 0
A52: Life/Short Term Disability/Long Term Disability | B52: =ROUND((Assumptions!$G$45+Assumptions!$G$52)*Assumptions!G67,0) -> 0
A53: Other | B53: =ROUND((Assumptions!$G$45+Assumptions!$G$52)*Assumptions!G68,0) -> 0
A54: TotalBenefits | B54: =SUM(B47:B53) -> 0
A55: Total Salaries and Benefits | B55: =B34+B40+B54+B45 -> 0
A57: REQUIRED PURCHASED SERVICES
A58: District Support Staff | B58: =Assumptions!G71 -> 0
A59: Emergency Management | B59: =Assumptions!G72 -> 0
A60: Student Information System (IC) | B60: =Assumptions!G73 -> 0
A61: Assessment Services: All State & District Required Assessments Include UIP | B61: =Assumptions!G74 -> 0
A62: Treasurer Fees | B62: =Assumptions!G75 -> 0
A63: Workday | B63: =Assumptions!G76 -> 0
A64: Gmail | B64: =Assumptions!G77 -> 0
A65: Start Up Grant Administration Fee | B65: =Assumptions!G78 -> 0
A66: Health Oversight | B66: =Assumptions!G79 -> 0
A67: Crisis Team Support | B67: =Assumptions!G80 -> 0
A68: ELD | B68: =Assumptions!G81 -> 0
A69: GTE | B69: =Assumptions!G82 -> 0
A70: Special Education | B70: =Assumptions!G83 -> 0
A71: Total Required Purchased Services | B71: =SUM(B58:B70) -> 0
A73: PURCHASED SERVICES - ASSESSMENT SERVICES
A74: CogAT (Gifted Education) | B74: =Assumptions!G86 -> 0
A75: TS Gold readiness assessment | B75: =Assumptions!G87 -> 0
A76: NWEA MAP Testing Reading, Math, lanuage | B76: =Assumptions!G88 -> 0
A77: NWEA MAP Testing Science | B77: =Assumptions!G89 -> 0
A78: i-ready (Complies with READ act) | B78: =Assumptions!G90 -> 0
A79: Total Assessment Services | B79: =SUM(B74:B78) -> 0
A81: PURCHASED SERVICES - BUSINESS SERVICES
A82: My School Bucks | B82: =Assumptions!G93 -> 0
A83: Intra-district Mail & Bulk Mailings | B83: =Assumptions!G94 -> 0
A84: Total Business Services | B84: =SUM(B82:B83) -> 0
A86: PURCHASED SERVICES - CURRICULUM & INSTRUCTION SERVICES
A87: Art Show | B87: =Assumptions!G97 -> 0
A88: Spelling Bee | B88: =Assumptions!G98 -> 0
A89: eDCSD CO Cyber School | B89: =Assumptions!G99 -> 0
A90: Total Curriculum & Instruction Services | B90: =SUM(B87:B89) -> 0
A92: PURCHASED SERVICES - HEALTH SERVICES
A93: Homebound Services | B93: =Assumptions!G102 -> 0
A94: Total Health Services | B94: =SUM(B93:B93) -> 0
A96: PURCHASED SERVICES - HUMAN RESOURCES SERVICES
A97: Staff Posting - basic (additional posting at cost) | B97: =Assumptions!G105 -> 0
A98: Substitute One time Set-up Fee | B98: =Assumptions!G106 -> 0
A99: Substitute Administration and District Posting fee per year | B99: =Assumptions!G107 -> 0
A100: Substitute Annual License Fee | B100: =Assumptions!G108 -> 0
A101: Total Human Resources Services | B101: =SUM(B97:B100) -> 0
A103: PURCHASED SERVICES - INFORMATION TECHNOLOGY SERVICES
A104: Qwest Geo Max | B104: =Assumptions!G111 -> 0
A105: T1 Circuit to Wan | B105: =Assumptions!G112 -> 0
A106: Network Router | B106: =Assumptions!G113 -> 0
A107: Total Information Technology Services | B107: =SUM(B104:B106) -> 0
A109: PURCHASED SERVICES - MEDIA SERVICES
A110: Full Media Services - includes Bibliographic services, technical support for Destiny Library, and bibliographic and technical support for e-content. Media/Resource access from the Innovation and Design Center. | B110: =Assumptions!G116 -> 0
A111: Overdrive renewal | B111: =Assumptions!G117 -> 0
A112: Movie Licensing USA | B112: =Assumptions!G118 -> 0
...

Sheet Summary Years 0 - 5
A1: =TEXT(Assumptions!A1,1) -> INSERT SCHOOL NAME
A2: SUMMARY
A3: FTE | B3: ='Year 0'!$B3 -> 0 | C3: ='Year 1'!$B3 -> 0 | D3: ='Year 2'!$B3 -> 0 | E3: ='Year 3'!$B3 -> 0 | F3: ='Year 4'!$B3 -> 0 | G3: ='Year 5'!$B3 -> 0
A4: Funded Pupil Count | B4: ='Year 0'!$B4 -> 0 | C4: ='Year 1'!$B4 -> 0 | D4: ='Year 2'!$B4 -> 0 | E4: ='Year 3'!$B4 -> 0 | F4: ='Year 4'!$B4 -> 0 | G4: ='Year 5'!$B4 -> 0
B5: Year 0 | C5: Year 1 | D5: Year 2 | E5: Year 3 | F5: Year 4 | G5: Year 5
A6: Revenues
A7: Local Support
A8: Mill Levy Override | B8: ='Year 0'!B8 -> 0 | C8: ='Year 1'!B8 -> 0 | D8: ='Year 2'!B8 -> 0 | E8: ='Year 3'!B8 -> 0 | F8: ='Year 4'!B8 -> 0 | G8: ='Year 5'!B8 -> 0
A9: Tuition | B9: ='Year 0'!B9 -> 0 | C9: ='Year 1'!B9 -> 0 | D9: ='Year 2'!B9 -> 0 | E9: ='Year 3'!B9 -> 0 | F9: ='Year 4'!B9 -> 0 | G9: ='Year 5'!B9 -> 0
A10: Food Services | B10: ='Year 0'!B10 -> 0 | C10: ='Year 1'!B10 -> 0 | D10: ='Year 2'!B10 -> 0 | E10: ='Year 3'!B10 -> 0 | F10: ='Year 4'!B10 -> 0 | G10: ='Year 5'!B10 -> 0
A11: Interest Income | B11: ='Year 0'!B11 -> 0 | C11: ='Year 1'!B11 -> 0 | D11: ='Year 2'!B11 -> 0 | E11: ='Year 3'!B11 -> 0 | F11: ='Year 4'!B11 -> 0 | G11: ='Year 5'!B11 -> 0
A12: Child Care Fees | B12: ='Year 0'!B12 -> 0 | C12: ='Year 1'!B12 -> 0 | D12: ='Year 2'!B12 -> 0 | E12: ='Year 3'!B12 -> 0 | F12: ='Year 4'!B12 -> 0 | G12: ='Year 5'!B12 -> 0
A13: Student Participation Fees | B13: ='Year 0'!B13 -> 0 | C13: ='Year 1'!B13 -> 0 | D13: ='Year 2'!B13 -> 0 | E13: ='Year 3'!B13 -> 0 | F13: ='Year 4'!B13 -> 0 | G13: ='Year 5'!B13 -> 0
A14: Rental/Lease | B14: ='Year 0'!B14 -> 0 | C14: ='Year 1'!B14 -> 0 | D14: ='Year 2'!B14 -> 0 | E14: ='Year 3'!B14 -> 0 | F14: ='Year 4'!B14 -> 0 | G14: ='Year 5'!B14 -> 0
A15: Other Local Revenue | B15: ='Year 0'!B15 -> 0 | C15: ='Year 1'!B15 -> 0 | D15: ='Year 2'!B15 -> 0 | E15: ='Year 3'!B15 -> 0 | F15: ='Year 4'!B15 -> 0 | G15: ='Year 5'!B15 -> 0
A16: Total Local Support | B16: =SUM(B8:B15) -> 0 | C16: =SUM(C8:C15) -> 0 | D16: =SUM(D8:D15) -> 0 | E16: =SUM(E8:E15) -> 0 | F16: =SUM(F8:F15) -> 0 | G16: =SUM(G8:G15) -> 0
A18: State Support
A19: Total Program (PPR x Funded Pupil Count) | B19: ='Year 0'!B19 -> 0 | C19: ='Year 1'!B19 -> 0 | D19: ='Year 2'!B19 -> 0 | E19: ='Year 3'!B19 -> 0 | F19: ='Year 4'!B19 -> 0 | G19: ='Year 5'!B19 -> 0
A20: Capital Construction | B20: ='Year 0'!B20 -> 0 | C20: ='Year 1'!B20 -> 0 | D20: ='Year 2'!B20 -> 0 | E20: ='Year 3'!B20 -> 0 | F20: ='Year 4'!B20 -> 0 | G20: ='Year 5'!B20 -> 0
A21: Other State Revenue | B21: ='Year 0'!B21 -> 0 | C21: ='Year 1'!B21 -> 0 | D21: ='Year 2'!B21 -> 0 | E21: ='Year 3'!B21 -> 0 | F21: ='Year 4'!B21 -> 0 | G21: ='Year 5'!B21 -> 0
A22: Total State Support | B22: =SUM(B19:B21) -> 0 | C22: =SUM(C19:C21) -> 0 | D22: =SUM(D19:D21) -> 0 | E22: =SUM(E19:E21) -> 0 | F22: =SUM(F19:F21) -> 0 | G22: =SUM(G19:G21) -> 0
A24: Federal Support
A25: Federal Grant Income | B25: ='Year 0'!B25 -> 0 | C25: ='Year 1'!B25 -> 0 | D25: ='Year 2'!B25 -> 0 | E25: ='Year 3'!B25 -> 0 | F25: ='Year 4'!B25 -> 0 | G25: ='Year 5'!B25 -> 0
A26: Total Federal Support | B26: =SUM(B25:B25) -> 0 | C26: =SUM(C25:C25) -> 0 | D26: =SUM(D25:D25) -> 0 | E26: =SUM(E25:E25) -> 0 | F26: =SUM(F25:F25) -> 0 | G26: =SUM(G25:G25) -> 0
A28: Total Revenues | B28: =SUM(B16,B22,B26) -> 0 | C28: =SUM(C16,C22,C26) -> 0 | D28: =SUM(D16,D22,D26) -> 0 | E28: =SUM(E16,E22,E26) -> 0 | F28: =SUM(F16,F22,F26) -> 0 | G28: =SUM(G16,G22,G26) -> 0
A30: Expenses
A31: INSTRUCTIONAL STAFF SALARIES
A32: Licensed (Teacher) Salaries | B32: ='Year 0'!B32 -> 0 | C32: ='Year 1'!B32 -> 0 | D32: ='Year 2'!B32 -> 0 | E32: ='Year 3'!B32 -> 0 | F32: ='Year 4'!B32 -> 0 | G32: ='Year 5'!B32 -> 0
A33: Classified (Paraprofessional) Salaries | B33: ='Year 0'!B33 -> 0 | C33: ='Year 1'!B33 -> 0 | D33: ='Year 2'!B33 -> 0 | E33: ='Year 3'!B33 -> 0 | F33: ='Year 4'!B33 -> 0 | G33: ='Year 5'!B33 -> 0
A34: Total Instructional Salaries | B34: =SUM(B32:B33) -> 0 | C34: =SUM(C32:C33) -> 0 | D34: =SUM(D32:D33) -> 0 | E34: =SUM(E32:E33) -> 0 | F34: =SUM(F32:F33) -> 0 | G34: =SUM(G32:G33) -> 0
A35: SUPPORT STAFF SALARIES
A36: Administrative | B36: ='Year 0'!B36 -> 0 | C36: ='Year 1'!B36 -> 0 | D36: ='Year 2'!B36 -> 0 | E36: ='Year 3'!B36 -> 0 | F36: ='Year 4'!B36 -> 0 | G36: ='Year 5'!B36 -> 0
A37: Professional Salaries | B37: ='Year 0'!B37 -> 0 | C37: ='Year 1'!B37 -> 0 | D37: ='Year 2'!B37 -> 0 | E37: ='Year 3'!B37 -> 0 | F37: ='Year 4'!B37 -> 0 | G37: ='Year 5'!B37 -> 0
A38: Licensed (Other) Salaries | B38: ='Year 0'!B38 -> 0 | C38: ='Year 1'!B38 -> 0 | D38: ='Year 2'!B38 -> 0 | E38: ='Year 3'!B38 -> 0 | F38: ='Year 4'!B38 -> 0 | G38: ='Year 5'!B38 -> 0
A39: Classified (Other) Salaries | B39: ='Year 0'!B39 -> 0 | C39: ='Year 1'!B39 -> 0 | D39: ='Year 2'!B39 -> 0 | E39: ='Year 3'!B39 -> 0 | F39: ='Year 4'!B39 -> 0 | G39: ='Year 5'!B39 -> 0
A40: Total Support Salaries | B40: =SUM(B36:B39) -> 0 | C40: =SUM(C36:C39) -> 0 | D40: =SUM(D36:D39) -> 0 | E40: =SUM(E36:E39) -> 0 | F40: =SUM(F36:F39) -> 0 | G40: =SUM(G36:G39) -> 0
A41: OTHER SALARIES
A42: Additional Pay - Instructional | B42: ='Year 0'!B42 -> 0 | C42: ='Year 1'!B42 -> 0 | D42: ='Year 2'!B42 -> 0 | E42: ='Year 3'!B42 -> 0 | F42: ='Year 4'!B42 -> 0 | G42: ='Year 5'!B42 -> 0
A43: Additional Pay - Support | B43: ='Year 0'!B43 -> 0 | C43: ='Year 1'!B43 -> 0 | D43: ='Year 2'!B43 -> 0 | E43: ='Year 3'!B43 -> 0 | F43: ='Year 4'!B43 -> 0 | G43: ='Year 5'!B43 -> 0
A44: Substitutes | B44: ='Year 0'!B44 -> 0 | C44: ='Year 1'!B44 -> 0 | D44: ='Year 2'!B44 -> 0 | E44: ='Year 3'!B44 -> 0 | F44: ='Year 4'!B44 -> 0 | G44: ='Year 5'!B44 -> 0
A45: Total Other Salaries | B45: =SUM(B42:B44) -> 0 | C45: =SUM(C42:C44) -> 0 | D45: =SUM(D42:D44) -> 0 | E45: =SUM(E42:E44) -> 0 | F45: =SUM(F42:F44) -> 0 | G45: =SUM(G42:G44) -> 0
A46: BENEFITS
A47: PERA | B47: ='Year 0'!B47 -> 0 | C47: ='Year 1'!B47 -> 0 | D47: ='Year 2'!B47 -> 0 | E47: ='Year 3'!B47 -> 0 | F47: ='Year 4'!B47 -> 0 | G47: ='Year 5'!B47 -> 0
A48: Medicare | B48: ='Year 0'!B48 -> 0 | C48: ='Year 1'!B48 -> 0 | D48: ='Year 2'!B48 -> 0 | E48: ='Year 3'!B48 -> 0 | F48: ='Year 4'!B48 -> 0 | G48: ='Year 5'!B48 -> 0
A49: Medical | B49: ='Year 0'!B49 -> 0 | C49: ='Year 1'!B49 -> 0 | D49: ='Year 2'!B49 -> 0 | E49: ='Year 3'!B49 -> 0 | F49: ='Year 4'!B49 -> 0 | G49: ='Year 5'!B49 -> 0
A50: Dental | B50: ='Year 0'!B50 -> 0 | C50: ='Year 1'!B50 -> 0 | D50: ='Year 2'!B50 -> 0 | E50: ='Year 3'!B50 -> 0 | F50: ='Year 4'!B50 -> 0 | G50: ='Year 5'!B50 -> 0
A51: Vision | B51: ='Year 0'!B51 -> 0 | C51: ='Year 1'!B51 -> 0 | D51: ='Year 2'!B51 -> 0 | E51: ='Year 3'!B51 -> 0 | F51: ='Year 4'!B51 -> 0 | G51: ='Year 5'!B51 -> 0
A52: Life/Short Term Disability/Long Term Disability | B52: ='Year 0'!B52 -> 0 | C52: ='Year 1'!B52 -> 0 | D52: ='Year 2'!B52 -> 0 | E52: ='Year 3'!B52 -> 0 | F52: ='Year 4'!B52 -> 0 | G52: ='Year 5'!B52 -> 0
A53: Other | B53: ='Year 0'!B53 -> 0 | C53: ='Year 1'!B53 -> 0 | D53: ='Year 2'!B53 -> 0 | E53: ='Year 3'!B53 -> 0 | F53: ='Year 4'!B53 -> 0 | G53: ='Year 5'!B53 -> 0
A54: Total Benefits | B54: =SUM(B47:B53) -> 0 | C54: =SUM(C47:C53) -> 0 | D54: =SUM(D47:D53) -> 0 | E54: =SUM(E47:E53) -> 0 | F54: =SUM(F47:F53) -> 0 | G54: =SUM(G47:G53) -> 0
A55: Total Salaries and Benefits | B55: =B34+B40+B54+B45 -> 0 | C55: =C34+C40+C54+C45 -> 0 | D55: =D34+D40+D54+D45 -> 0 | E55: =E34+E40+E54+E45 -> 0 | F55: =F34+F40+F54+F45 -> 0 | G55: =G34+G40+G54+G45 -> 0
A57: REQUIRED PURCHASED SERVICES
A58: District Support Staff | B58: ='Year 0'!B58 -> 0 | C58: ='Year 1'!B58 -> 0 | D58: ='Year 2'!B58 -> 0 | E58: ='Year 3'!B58 -> 0 | F58: ='Year 4'!B58 -> 0 | G58: ='Year 5'!B58 -> 0
A59: Emergency Management | B59: ='Year 0'!B59 -> 0 | C59: ='Year 1'!B59 -> 0 | D59: ='Year 2'!B59 -> 0 | E59: ='Year 3'!B59 -> 0 | F59: ='Year 4'!B59 -> 0 | G59: ='Year 5'!B59 -> 0
A60: Student Information System (IC) | B60: ='Year 0'!B60 -> 0 | C60: ='Year 1'!B60 -> 0 | D60: ='Year 2'!B60 -> 0 | E60: ='Year 3'!B60 -> 0 | F60: ='Year 4'!B60 -> 0 | G60: ='Year 5'!B60 -> 0
A61: Assessment Services: All State & District Required Assessments Include UIP | B61: ='Year 0'!B61 -> 0 | C61: ='Year 1'!B61 -> 0 | D61: ='Year 2'!B61 -> 0 | E61: ='Year 3'!B61 -> 0 | F61: ='Year 4'!B61 -> 0 | G61: ='Year 5'!B61 -> 0
A62: Treasurer Fees | B62: ='Year 0'!B62 -> 0 | C62: ='Year 1'!B62 -> 0 | D62: ='Year 2'!B62 -> 0 | E62: ='Year 3'!B62 -> 0 | F62: ='Year 4'!B62 -> 0 | G62: ='Year 5'!B62 -> 0
A63: Workday | B63: ='Year 0'!B63 -> 0 | C63: ='Year 1'!B63 -> 0 | D63: ='Year 2'!B63 -> 0 | E63: ='Year 3'!B63 -> 0 | F63: ='Year 4'!B63 -> 0 | G63: ='Year 5'!B63 -> 0
A64: Gmail | B64: ='Year 0'!B64 -> 0 | C64: ='Year 1'!B64 -> 0 | D64: ='Year 2'!B64 -> 0 | E64: ='Year 3'!B64 -> 0 | F64: ='Year 4'!B64 -> 0 | G64: ='Year 5'!B64 -> 0
A65: Start Up Grant Administration Fee | B65: ='Year 0'!B65 -> 0 | C65: ='Year 1'!B65 -> 0 | D65: ='Year 2'!B65 -> 0 | E65: ='Year 3'!B65 -> 0 | F65: ='Year 4'!B65 -> 0 | G65: ='Year 5'!B65 -> 0
A66: Health Oversight | B66: ='Year 0'!B66 -> 0 | C66: ='Year 1'!B66 -> 0 | D66: ='Year 2'!B66 -> 0 | E66: ='Year 3'!B66 -> 0 | F66: ='Year 4'!B66 -> 0 | G66: ='Year 5'!B66 -> 0
A67: Crisis Team Support | B67: ='Year 0'!B67 -> 0 | C67: ='Year 1'!B67 -> 0 | D67: ='Year 2'!B67 -> 0 | E67: ='Year 3'!B67 -> 0 | F67: ='Year 4'!B67 -> 0 | G67: ='Year 5'!B67 -> 0
A68: ELD | B68: ='Year 0'!B68 -> 0 | C68: ='Year 1'!B68 -> 0 | D68: ='Year 2'!B68 -> 0 | E68: ='Year 3'!B68 -> 0 | F68: ='Year 4'!B68 -> 0 | G68: ='Year 5'!B68 -> 0
A69: GTE | B69: ='Year 0'!B69 -> 0 | C69: ='Year 1'!B69 -> 0 | D69: ='Year 2'!B69 -> 0 | E69: ='Year 3'!B69 -> 0 | F69: ='Year 4'!B69 -> 0 | G69: ='Year 5'!B69 -> 0
A70: Special Education | B70: ='Year 0'!B70 -> 0 | C70: ='Year 1'!B70 -> 0 | D70: ='Year 2'!B70 -> 0 | E70: ='Year 3'!B70 -> 0 | F70: ='Year 4'!B70 -> 0 | G70: ='Year 5'!B70 -> 0
A71: Total Required Purchased Services | B71: =SUM(B58:B70) -> 0 | C71: =SUM(C58:C70) -> 0 | D71: =SUM(D58:D70) -> 0 | E71: =SUM(E58:E70) -> 0 | F71: =SUM(F58:F70) -> 0 | G71: =SUM(G58:G70) -> 0
A73: PURCHASED SERVICES - ASSESSMENT SERVICES
A74: CogAT (Gifted Education) | B74: ='Year 0'!B74 -> 0 | C74: ='Year 1'!B74 -> 0 | D74: ='Year 2'!B74 -> 0 | E74: ='Year 3'!B74 -> 0 | F74: ='Year 4'!B74 -> 0 | G74: ='Year 5'!B74 -> 0
A75: TS Gold readiness assessment | B75: ='Year 0'!B75 -> 0 | C75: ='Year 1'!B75 -> 0 | D75: ='Year 2'!B75 -> 0 | E75: ='Year 3'!B75 -> 0 | F75: ='Year 4'!B75 -> 0 | G75: ='Year 5'!B75 -> 0
A76: NWEA MAP Testing Reading, Math, lanuage | B76: ='Year 0'!B76 -> 0 | C76: ='Year 1'!B76 -> 0 | D76: ='Year 2'!B76 -> 0 | E76: ='Year 3'!B76 -> 0 | F76: ='Year 4'!B76 -> 0 | G76: ='Year 5'!B76 -> 0
A77: NWEA MAP Testing Science | B77: ='Year 0'!B77 -> 0 | C77: ='Year 1'!B77 -> 0 | D77: ='Year 2'!B77 -> 0 | E77: ='Year 3'!B77 -> 0 | F77: ='Year 4'!B77 -> 0 | G77: ='Year 5'!B77 -> 0
A78: i-ready (Complies with READ act) | B78: ='Year 0'!B78 -> 0 | C78: ='Year 1'!B78 -> 0 | D78: ='Year 2'!B78 -> 0 | E78: ='Year 3'!B78 -> 0 | F78: ='Year 4'!B78 -> 0 | G78: ='Year 5'!B78 -> 0
A79: Total Assessment Services | B79: =SUM(B74:B78) -> 0 | C79: =SUM(C74:C78) -> 0 | D79: =SUM(D74:D78) -> 0 | E79: =SUM(E74:E78) -> 0 | F79: =SUM(F74:F78) -> 0 | G79: =SUM(G74:G78) -> 0
A81: PURCHASED SERVICES - BUSINESS SERVICES
A82: My School Bucks | B82: ='Year 0'!B82 -> 0 | C82: ='Year 1'!B82 -> 0 | D82: ='Year 2'!B82 -> 0 | E82: ='Year 3'!B82 -> 0 | F82: ='Year 4'!B82 -> 0 | G82: ='Year 5'!B82 -> 0
A83: Intra-district Mail & Bulk Mailings | B83: ='Year 0'!B83 -> 0 | C83: ='Year 1'!B83 -> 0 | D83: ='Year 2'!B83 -> 0 | E83: ='Year 3'!B83 -> 0 | F83: ='Year 4'!B83 -> 0 | G83: ='Year 5'!B83 -> 0
A84: Total Business Services | B84: =SUM(B82:B83) -> 0 | C84: =SUM(C82:C83) -> 0 | D84: =SUM(D82:D83) -> 0 | E84: =SUM(E82:E83) -> 0 | F84: =SUM(F82:F83) -> 0 | G84: =SUM(G82:G83) -> 0
A86: PURCHASED SERVICES - CURRICULUM & INSTRUCTION SERVICES
A87: Art Show | B87: ='Year 0'!B87 -> 0 | C87: ='Year 1'!B87 -> 0 | D87: ='Year 2'!B87 -> 0 | E87: ='Year 3'!B87 -> 0 | F87: ='Year 4'!B87 -> 0 | G87: ='Year 5'!B87 -> 0
A88: Spelling Bee | B88: ='Year 0'!B88 -> 0 | C88: ='Year 1'!B88 -> 0 | D88: ='Year 2'!B88 -> 0 | E88: ='Year 3'!B88 -> 0 | F88: ='Year 4'!B88 -> 0 | G88: ='Year 5'!B88 -> 0
A89: eDCSD CO Cyber School | B89: ='Year 0'!B89 -> 0 | C89: ='Year 1'!B89 -> 0 | D89: ='Year 2'!B89 -> 0 | E89: ='Year 3'!B89 -> 0 | F89: ='Year 4'!B89 -> 0 | G89: ='Year 5'!B89 -> 0
A90: Total Curriculum & Instruction Services | B90: =SUM(B87:B89) -> 0 | C90: =SUM(C87:C89) -> 0 | D90: =SUM(D87:D89) -> 0 | E90: =SUM(E87:E89) -> 0 | F90: =SUM(F87:F89) -> 0 | G90: =SUM(G87:G89) -> 0
A92: PURCHASED SERVICES - HEALTH SERVICES
A93: Homebound Services | B93: ='Year 0'!B93 -> 0 | C93: ='Year 1'!B93 -> 0 | D93: ='Year 2'!B93 -> 0 | E93: ='Year 3'!B93 -> 0 | F93: ='Year 4'!B93 -> 0 | G93: ='Year 5'!B93 -> 0
A94: Total Health Services | B94: =SUM(B93:B93) -> 0 | C94: =SUM(C93:C93) -> 0 | D94: =SUM(D93:D93) -> 0 | E94: =SUM(E93:E93) -> 0 | F94: =SUM(F93:F93) -> 0 | G94: =SUM(G93:G93) -> 0
A96: PURCHASED SERVICES - HUMAN RESOURCES SERVICES
A97: Staff Posting - basic (additional posting at cost) | B97: ='Year 0'!B97 -> 0 | C97: ='Year 1'!B97 -> 0 | D97: ='Year 2'!B97 -> 0 | E97: ='Year 3'!B97 -> 0 | F97: ='Year 4'!B97 -> 0 | G97: ='Year 5'!B97 -> 0
A98: Substitute One time Set-up Fee | B98: ='Year 0'!B98 -> 0 | C98: ='Year 1'!B98 -> 0 | D98: ='Year 2'!B98 -> 0 | E98: ='Year 3'!B98 -> 0 | F98: ='Year 4'!B98 -> 0 | G98: ='Year 5'!B98 -> 0
A99: Substitute Administration and District Posting fee per year | B99: ='Year 0'!B99 -> 0 | C99: ='Year 1'!B99 -> 0 | D99: ='Year 2'!B99 -> 0 | E99: ='Year 3'!B99 -> 0 | F99: ='Year 4'!B99 -> 0 | G99: ='Year 5'!B99 -> 0
A100: Substitute Annual License Fee | B100: ='Year 0'!B100 -> 0 | C100: ='Year 1'!B100 -> 0 | D100: ='Year 2'!B100 -> 0 | E100: ='Year 3'!B100 -> 0 | F100: ='Year 4'!B100 -> 0 | G100: ='Year 5'!B100 -> 0
A101: Total Human Resources Services | B101: =SUM(B97:B100) -> 0 | C101: =SUM(C97:C100) -> 0 | D101: =SUM(D97:D100) -> 0 | E101: =SUM(E97:E100) -> 0 | F101: =SUM(F97:F100) -> 0 | G101: =SUM(G97:G100) -> 0
A103: PURCHASED SERVICES - INFORMATION TECHNOLOGY SERVICES
A104: Qwest Geo Max | B104: ='Year 0'!B104 -> 0 | C104: ='Year 1'!B104 -> 0 | D104: ='Year 2'!B104 -> 0 | E104: ='Year 3'!B104 -> 0 | F104: ='Year 4'!B104 -> 0 | G104: ='Year 5'!B104 -> 0
A105: T1 Circuit to Wan | B105: ='Year 0'!B105 -> 0 | C105: ='Year 1'!B105 -> 0 | D105: ='Year 2'!B105 -> 0 | E105: ='Year 3'!B105 -> 0 | F105: ='Year 4'!B105 -> 0 | G105: ='Year 5'!B105 -> 0
A106: Network Router | B106: ='Year 0'!B106 -> 0 | C106: ='Year 1'!B106 -> 0 | D106: ='Year 2'!B106 -> 0 | E106: ='Year 3'!B106 -> 0 | F106: ='Year 4'!B106 -> 0 | G106: ='Year 5'!B106 -> 0
A107: Total Information Technology Services | B107: =SUM(B104:B106) -> 0 | C107: =SUM(C104:C106) -> 0 | D107: =SUM(D104:D106) -> 0 | E107: =SUM(E104:E106) -> 0 | F107: =SUM(F104:F106) -> 0 | G107: =SUM(G104:G106) -> 0
A109: PURCHASED SERVICES - MEDIA SERVICES
A110: Full Media Services - includes Bibliographic services, technical support for Destiny Library, and bibliographic and technical support for e-content. Media/Resource access from the Innovation and Design Center. | B110: ='Year 0'!B110 -> 0 | C110: ='Year 1'!B110 -> 0 | D110: ='Year 2'!B110 -> 0 | E110: ='Year 3'!B110 -> 0 | F110: ='Year 4'!B110 -> 0 | G110: ='Year 5'!B110 -> 0
A111: Overdrive renewal | B111: ='Year 0'!B111 -> 0 | C111: ='Year 1'!B111 -> 0 | D111: ='Year 2'!B111 -> 0 | E111: ='Year 3'!B111 -> 0 | F111: ='Year 4'!B111 -> 0 | G111: ='Year 5'!B111 -> 0
A112: Movie Licensing USA | B112: ='Year 0'!B112 -> 0 | C112: ='Year 1'!B112 -> 0 | D112: ='Year 2'!B112 -> 0 | E112: ='Year 3'!B112 -> 0 | F112: ='Year 4'!B112 -> 0 | G112: ='Year 5'!B112 -> 0
...

Sheet Cash Flow Year 1
A1: =Assumptions!A1 -> INSERT SCHOOL NAME
A2: CASH FLOW YEAR 1
B3: Year 1 | C3: 46204 | D3: 46235 | E3: 46266 | F3: 46296 | G3: 46327 | H3: 46357 | I3: 46388 | J3: 46419 | K3: 46447 | L3: 46478 | M3: 46508 | N3: 46539 | O3: Total
A5: Beginning Cash Balance w/ TABOR | B5: ='Year 0'!B185 -> 0 | C5: =B5 -> 0 | D5: =C5+C24-C105-C107 -> 0 | E5: =D5+D24-D105-D107 -> 0 | F5: =E5+E24-E105-E107 -> 0 | G5: =F5+F24-F105-F107 -> 0 | H5: =G5+G24-G105-G107 -> 0 | I5: =H5+H24-H105-H107 -> 0 | J5: =I5+I24-I105-I107 -> 0 | K5: =J5+J24-J105-J107 -> 0 | ... N5: =M5+M24-M105-M107 -> 0 | O5: =B5 -> 0
A6: Beginning Cash Balance w/o TABOR | B6: ='Year 0'!B185-'Year 0'!B178 -> 0 | C6: =B6 -> 0 | D6: =C5+C24-C105 -> 0 | E6: =D5+D24-D105 -> 0 | F6: =E5+E24-E105 -> 0 | G6: =F5+F24-F105 -> 0 | H6: =G5+G24-G105 -> 0 | I6: =H5+H24-H105 -> 0 | J6: =I5+I24-I105 -> 0 | K6: =J5+J24-J105 -> 0 | ... N6: =M5+M24-M105 -> 0 | O6: =B6 -> 0
A8: REVENUE
A9: Local
A10: Mill Levy Override | B10: ='Year 1'!B8 -> 0 | C10: =$B$10/12 -> 0 | D10: =$B$10/12 -> 0 | E10: =$B$10/12 -> 0 | F10: =$B$10/12 -> 0 | G10: =$B$10/12 -> 0 | H10: =$B$10/12 -> 0 | I10: =$B$10/12 -> 0 | J10: =$B$10/12 -> 0 | ... N10: =$B$10/12 -> 0 | O10: =SUM(C10:N10) -> 0
A11: Tuition | B11: ='Year 1'!B9 -> 0 | C11: =$B$11/12 -> 0 | D11: =$B$11/12 -> 0 | E11: =$B$11/12 -> 0 | F11: =$B$11/12 -> 0 | G11: =$B$11/12 -> 0 | H11: =$B$11/12 -> 0 | I11: =$B$11/12 -> 0 | J11: =$B$11/12 -> 0 | ... N11: =$B$11/12 -> 0 | O11: =SUM(C11:N11) -> 0
A12: Food Services | B12: ='Year 1'!B10 -> 0 | C12: =$B$12/12 -> 0 | D12: =$B$12/12 -> 0 | E12: =$B$12/12 -> 0 | F12: =$B$12/12 -> 0 | G12: =$B$12/12 -> 0 | H12: =$B$12/12 -> 0 | I12: =$B$12/12 -> 0 | J12: =$B$12/12 -> 0 | ... N12: =$B$12/12 -> 0 | O12: =SUM(C12:N12) -> 0
A13: Interest Income | B13: ='Year 1'!B11 -> 0 | C13: =$B$13/12 -> 0 | D13: =$B$13/12 -> 0 | E13: =$B$13/12 -> 0 | F13: =$B$13/12 -> 0 | G13: =$B$13/12 -> 0 | H13: =$B$13/12 -> 0 | I13: =$B$13/12 -> 0 | J13: =$B$13/12 -> 0 | ... N13: =$B$13/12 -> 0 | O13: =SUM(C13:N13) -> 0
A14: Child Care Fees | B14: ='Year 1'!B12 -> 0 | C14: =$B$14/12 -> 0 | D14: =$B$14/12 -> 0 | E14: =$B$14/12 -> 0 | F14: =$B$14/12 -> 0 | G14: =$B$14/12 -> 0 | H14: =$B$14/12 -> 0 | I14: =$B$14/12 -> 0 | J14: =$B$14/12 -> 0 | ... N14: =$B$14/12 -> 0 | O14: =SUM(C14:N14) -> 0
A15: Student Participation Fees | B15: ='Year 1'!B13 -> 0 | C15: =$B$15/12 -> 0 | D15: =$B$15/12 -> 0 | E15: =$B$15/12 -> 0 | F15: =$B$15/12 -> 0 | G15: =$B$15/12 -> 0 | H15: =$B$15/12 -> 0 | I15: =$B$15/12 -> 0 | J15: =$B$15/12 -> 0 | ... N15: =$B$15/12 -> 0 | O15: =SUM(C15:N15) -> 0
A16: Rental/Lease | B16: ='Year 1'!B14 -> 0 | C16: =$B$16/12 -> 0 | D16: =$B$16/12 -> 0 | E16: =$B$16/12 -> 0 | F16: =$B$16/12 -> 0 | G16: =$B$16/12 -> 0 | H16: =$B$16/12 -> 0 | I16: =$B$16/12 -> 0 | J16: =$B$16/12 -> 0 | ... N16: =$B$16/12 -> 0 | O16: =SUM(C16:N16) -> 0
A17: Other Local Revenue | B17: ='Year 1'!B15 -> 0 | C17: =$B$17/12 -> 0 | D17: =$B$17/12 -> 0 | E17: =$B$17/12 -> 0 | F17: =$B$17/12 -> 0 | G17: =$B$17/12 -> 0 | H17: =$B$17/12 -> 0 | I17: =$B$17/12 -> 0 | J17: =$B$17/12 -> 0 | ... N17: =$B$17/12 -> 0 | O17: =SUM(C17:N17) -> 0
A18: State
A19: Total Program | B19: ='Year 1'!B19 -> 0 | C19: =$B$19/12 -> 0 | D19: =$B$19/12 -> 0 | E19: =$B$19/12 -> 0 | F19: =$B$19/12 -> 0 | G19: =$B$19/12 -> 0 | H19: =$B$19/12 -> 0 | I19: =$B$19/12 -> 0 | J19: =$B$19/12 -> 0 | ... N19: =$B$19/12 -> 0 | O19: =SUM(C19:N19) -> 0
A20: Capital Construction | B20: ='Year 1'!B20 -> 0 | C20: =$B$20/12 -> 0 | D20: =$B$20/12 -> 0 | E20: =$B$20/12 -> 0 | F20: =$B$20/12 -> 0 | G20: =$B$20/12 -> 0 | H20: =$B$20/12 -> 0 | I20: =$B$20/12 -> 0 | J20: =$B$20/12 -> 0 | ... N20: =$B$20/12 -> 0 | O20: =SUM(C20:N20) -> 0
A21: Other State Revenue | B21: ='Year 1'!B21 -> 0 | C21: =$B$21/12 -> 0 | D21: =$B$21/12 -> 0 | E21: =$B$21/12 -> 0 | F21: =$B$21/12 -> 0 | G21: =$B$21/12 -> 0 | H21: =$B$21/12 -> 0 | I21: =$B$21/12 -> 0 | J21: =$B$21/12 -> 0 | ... N21: =$B$21/12 -> 0 | O21: =SUM(C21:N21) -> 0
A22: Federal
A23: Federal Grant Income | B23: ='Year 1'!B25 -> 0 | C23: =$B$23/12 -> 0 | D23: =$B$23/12 -> 0 | E23: =$B$23/12 -> 0 | F23: =$B$23/12 -> 0 | G23: =$B$23/12 -> 0 | H23: =$B$23/12 -> 0 | I23: =$B$23/12 -> 0 | J23: =$B$23/12 -> 0 | ... N23: =$B$23/12 -> 0 | O23: =SUM(C23:N23) -> 0
A24: Total Revenue | B24: =SUM(B9:B23) -> 0 | C24: =SUM(C9:C23) -> 0 | D24: =SUM(D9:D23) -> 0 | E24: =SUM(E9:E23) -> 0 | F24: =SUM(F9:F23) -> 0 | G24: =SUM(G9:G23) -> 0 | H24: =SUM(H9:H23) -> 0 | I24: =SUM(I9:I23) -> 0 | ... O24: =SUM(O9:O23) -> 0
A26: EXPENDITURES
A27: Salaries
A28: Instructional Staff Salaries | B28: ='Year 1'!B34*(12/12) -> 0 | E28: =$B28/10 -> 0 | F28: =$B28/10 -> 0 | G28: =$B28/10 -> 0 | H28: =$B28/10 -> 0 | I28: =$B28/10 -> 0 | J28: =$B28/10 -> 0 | K28: =$B28/10 -> 0 | L28: =$B28/10 -> 0 | ... N28: =$B28/10 -> 0 | O28: =SUM(C28:N28) -> 0
A29: Support Staff Salaries | B29: ='Year 1'!B40 -> 0 | C29: =$B29/12 -> 0 | D29: =$B29/12 -> 0 | E29: =$B29/12 -> 0 | F29: =$B29/12 -> 0 | G29: =$B29/12 -> 0 | H29: =$B29/12 -> 0 | I29: =$B29/12 -> 0 | J29: =$B29/12 -> 0 | ... N29: =$B29/12 -> 0 | O29: =SUM(C29:N29) -> 0
A30: Other Salaries | B30: ='Year 1'!B45 -> 0 | C30: =$B30/12 -> 0 | D30: =$B30/12 -> 0 | E30: =$B30/12 -> 0 | F30: =$B30/12 -> 0 | G30: =$B30/12 -> 0 | H30: =$B30/12 -> 0 | I30: =$B30/12 -> 0 | J30: =$B30/12 -> 0 | ... N30: =$B30/12 -> 0 | O30: =SUM(C30:N30) -> 0
A31: Benefits
A32: PERA | B32: ='Year 1'!B47 -> 0 | C32: =$B32/12 -> 0 | D32: =$B32/12 -> 0 | E32: =$B32/12 -> 0 | F32: =$B32/12 -> 0 | G32: =$B32/12 -> 0 | H32: =$B32/12 -> 0 | I32: =$B32/12 -> 0 | J32: =$B32/12 -> 0 | ... N32: =$B32/12 -> 0 | O32: =SUM(C32:N32) -> 0
A33: Medicare | B33: ='Year 1'!B48 -> 0 | C33: =$B33/12 -> 0 | D33: =$B33/12 -> 0 | E33: =$B33/12 -> 0 | F33: =$B33/12 -> 0 | G33: =$B33/12 -> 0 | H33: =$B33/12 -> 0 | I33: =$B33/12 -> 0 | J33: =$B33/12 -> 0 | ... N33: =$B33/12 -> 0 | O33: =SUM(C33:N33) -> 0
A34: Medical | B34: ='Year 1'!B49 -> 0 | C34: =$B34/12 -> 0 | D34: =$B34/12 -> 0 | E34: =$B34/12 -> 0 | F34: =$B34/12 -> 0 | G34: =$B34/12 -> 0 | H34: =$B34/12 -> 0 | I34: =$B34/12 -> 0 | J34: =$B34/12 -> 0 | ... N34: =$B34/12 -> 0 | O34: =SUM(C34:N34) -> 0
A35: Dental | B35: ='Year 1'!B50 -> 0 | C35: =$B35/12 -> 0 | D35: =$B35/12 -> 0 | E35: =$B35/12 -> 0 | F35: =$B35/12 -> 0 | G35: =$B35/12 -> 0 | H35: =$B35/12 -> 0 | I35: =$B35/12 -> 0 | J35: =$B35/12 -> 0 | ... N35: =$B35/12 -> 0 | O35: =SUM(C35:N35) -> 0
A36: Vision | B36: ='Year 1'!B51 -> 0 | C36: =$B36/12 -> 0 | D36: =$B36/12 -> 0 | E36: =$B36/12 -> 0 | F36: =$B36/12 -> 0 | G36: =$B36/12 -> 0 | H36: =$B36/12 -> 0 | I36: =$B36/12 -> 0 | J36: =$B36/12 -> 0 | ... N36: =$B36/12 -> 0 | O36: =SUM(C36:N36) -> 0
A37: Life/STD/LTD | B37: ='Year 1'!B52 -> 0 | C37: =$B37/12 -> 0 | D37: =$B37/12 -> 0 | E37: =$B37/12 -> 0 | F37: =$B37/12 -> 0 | G37: =$B37/12 -> 0 | H37: =$B37/12 -> 0 | I37: =$B37/12 -> 0 | J37: =$B37/12 -> 0 | ... N37: =$B37/12 -> 0 | O37: =SUM(C37:N37) -> 0
A38: Other Benefits | B38: ='Year 1'!B53 -> 0 | C38: =$B38/12 -> 0 | D38: =$B38/12 -> 0 | E38: =$B38/12 -> 0 | F38: =$B38/12 -> 0 | G38: =$B38/12 -> 0 | H38: =$B38/12 -> 0 | I38: =$B38/12 -> 0 | J38: =$B38/12 -> 0 | ... N38: =$B38/12 -> 0 | O38: =SUM(C38:N38) -> 0
A39: Required Purchased Services
A40: District Support Staff | B40: ='Year 1'!B58 -> 0 | C40: =$B40/12 -> 0 | D40: =$B40/12 -> 0 | E40: =$B40/12 -> 0 | F40: =$B40/12 -> 0 | G40: =$B40/12 -> 0 | H40: =$B40/12 -> 0 | I40: =$B40/12 -> 0 | J40: =$B40/12 -> 0 | ... N40: =$B40/12 -> 0 | O40: =SUM(C40:N40) -> 0
A41: Emergency Management | B41: ='Year 1'!B59 -> 0 | C41: =$B41/12 -> 0 | D41: =$B41/12 -> 0 | E41: =$B41/12 -> 0 | F41: =$B41/12 -> 0 | G41: =$B41/12 -> 0 | H41: =$B41/12 -> 0 | I41: =$B41/12 -> 0 | J41: =$B41/12 -> 0 | ... N41: =$B41/12 -> 0 | O41: =SUM(C41:N41) -> 0
A42: Student Information System (IC) | B42: ='Year 1'!B60 -> 0 | C42: =$B42/12 -> 0 | D42: =$B42/12 -> 0 | E42: =$B42/12 -> 0 | F42: =$B42/12 -> 0 | G42: =$B42/12 -> 0 | H42: =$B42/12 -> 0 | I42: =$B42/12 -> 0 | J42: =$B42/12 -> 0 | ... N42: =$B42/12 -> 0 | O42: =SUM(C42:N42) -> 0
A43: Assessment Services | B43: ='Year 1'!B61 -> 0 | C43: =$B43/12 -> 0 | D43: =$B43/12 -> 0 | E43: =$B43/12 -> 0 | F43: =$B43/12 -> 0 | G43: =$B43/12 -> 0 | H43: =$B43/12 -> 0 | I43: =$B43/12 -> 0 | J43: =$B43/12 -> 0 | ... N43: =$B43/12 -> 0 | O43: =SUM(C43:N43) -> 0
A44: Treasurer Fees | B44: ='Year 1'!B62 -> 0 | C44: =$B44/12 -> 0 | D44: =$B44/12 -> 0 | E44: =$B44/12 -> 0 | F44: =$B44/12 -> 0 | G44: =$B44/12 -> 0 | H44: =$B44/12 -> 0 | I44: =$B44/12 -> 0 | J44: =$B44/12 -> 0 | ... N44: =$B44/12 -> 0 | O44: =SUM(C44:N44) -> 0
A45: Workday | B45: ='Year 1'!B63 -> 0 | C45: =$B45/12 -> 0 | D45: =$B45/12 -> 0 | E45: =$B45/12 -> 0 | F45: =$B45/12 -> 0 | G45: =$B45/12 -> 0 | H45: =$B45/12 -> 0 | I45: =$B45/12 -> 0 | J45: =$B45/12 -> 0 | ... N45: =$B45/12 -> 0 | O45: =SUM(C45:N45) -> 0
A46: Gmail | B46: ='Year 1'!B64 -> 0 | C46: =$B46/12 -> 0 | D46: =$B46/12 -> 0 | E46: =$B46/12 -> 0 | F46: =$B46/12 -> 0 | G46: =$B46/12 -> 0 | H46: =$B46/12 -> 0 | I46: =$B46/12 -> 0 | J46: =$B46/12 -> 0 | ... N46: =$B46/12 -> 0 | O46: =SUM(C46:N46) -> 0
A47: Start Up Grant Administration Fee | B47: ='Year 1'!B65 -> 0 | C47: =$B47/12 -> 0 | D47: =$B47/12 -> 0 | E47: =$B47/12 -> 0 | F47: =$B47/12 -> 0 | G47: =$B47/12 -> 0 | H47: =$B47/12 -> 0 | I47: =$B47/12 -> 0 | J47: =$B47/12 -> 0 | ... N47: =$B47/12 -> 0 | O47: =SUM(C47:N47) -> 0
A48: Health Oversight | B48: ='Year 1'!B66 -> 0 | C48: =$B48/12 -> 0 | D48: =$B48/12 -> 0 | E48: =$B48/12 -> 0 | F48: =$B48/12 -> 0 | G48: =$B48/12 -> 0 | H48: =$B48/12 -> 0 | I48: =$B48/12 -> 0 | J48: =$B48/12 -> 0 | ... N48: =$B48/12 -> 0 | O48: =SUM(C48:N48) -> 0
A49: Crisis Team Support | B49: ='Year 1'!B67 -> 0 | C49: =$B49/12 -> 0 | D49: =$B49/12 -> 0 | E49: =$B49/12 -> 0 | F49: =$B49/12 -> 0 | G49: =$B49/12 -> 0 | H49: =$B49/12 -> 0 | I49: =$B49/12 -> 0 | J49: =$B49/12 -> 0 | ... N49: =$B49/12 -> 0 | O49: =SUM(C49:N49) -> 0
A50: ELD | B50: ='Year 1'!B68 -> 0 | C50: =$B50/12 -> 0 | D50: =$B50/12 -> 0 | E50: =$B50/12 -> 0 | F50: =$B50/12 -> 0 | G50: =$B50/12 -> 0 | H50: =$B50/12 -> 0 | I50: =$B50/12 -> 0 | J50: =$B50/12 -> 0 | ... N50: =$B50/12 -> 0 | O50: =SUM(C50:N50) -> 0
A51: GTE | B51: ='Year 1'!B69 -> 0 | C51: =$B51/12 -> 0 | D51: =$B51/12 -> 0 | E51: =$B51/12 -> 0 | F51: =$B51/12 -> 0 | G51: =$B51/12 -> 0 | H51: =$B51/12 -> 0 | I51: =$B51/12 -> 0 | J51: =$B51/12 -> 0 | ... N51: =$B51/12 -> 0 | O51: =SUM(C51:N51) -> 0
A52: Special Education | B52: ='Year 1'!B70 -> 0 | C52: =$B52/12 -> 0 | D52: =$B52/12 -> 0 | E52: =$B52/12 -> 0 | F52: =$B52/12 -> 0 | G52: =$B52/12 -> 0 | H52: =$B52/12 -> 0 | I52: =$B52/12 -> 0 | J52: =$B52/12 -> 0 | ... N52: =$B52/12 -> 0 | O52: =SUM(C52:N52) -> 0
A53: Optional Purchased Services
A54: Assessment Services | B54: ='Year 1'!B79 -> 0 | C54: =$B54/12 -> 0 | D54: =$B54/12 -> 0 | E54: =$B54/12 -> 0 | F54: =$B54/12 -> 0 | G54: =$B54/12 -> 0 | H54: =$B54/12 -> 0 | I54: =$B54/12 -> 0 | J54: =$B54/12 -> 0 | ... N54: =$B54/12 -> 0 | O54: =SUM(C54:N54) -> 0
A55: Business Services | B55: ='Year 1'!B84 -> 0 | C55: =$B55/12 -> 0 | D55: =$B55/12 -> 0 | E55: =$B55/12 -> 0 | F55: =$B55/12 -> 0 | G55: =$B55/12 -> 0 | H55: =$B55/12 -> 0 | I55: =$B55/12 -> 0 | J55: =$B55/12 -> 0 | ... N55: =$B55/12 -> 0 | O55: =SUM(C55:N55) -> 0
A56: Curriculum & Instruction Services | B56: ='Year 1'!B90 -> 0 | C56: =$B56/12 -> 0 | D56: =$B56/12 -> 0 | E56: =$B56/12 -> 0 | F56: =$B56/12 -> 0 | G56: =$B56/12 -> 0 | H56: =$B56/12 -> 0 | I56: =$B56/12 -> 0 | J56: =$B56/12 -> 0 | ... N56: =$B56/12 -> 0 | O56: =SUM(C56:N56) -> 0
A57: Health Services | B57: ='Year 1'!B94 -> 0 | C57: =$B57/12 -> 0 | D57: =$B57/12 -> 0 | E57: =$B57/12 -> 0 | F57: =$B57/12 -> 0 | G57: =$B57/12 -> 0 | H57: =$B57/12 -> 0 | I57: =$B57/12 -> 0 | J57: =$B57/12 -> 0 | ... N57: =$B57/12 -> 0 | O57: =SUM(C57:N57) -> 0
A58: Human Resources Services | B58: ='Year 1'!B101 -> 0 | C58: =$B58/12 -> 0 | D58: =$B58/12 -> 0 | E58: =$B58/12 -> 0 | F58: =$B58/12 -> 0 | G58: =$B58/12 -> 0 | H58: =$B58/12 -> 0 | I58: =$B58/12 -> 0 | J58: =$B58/12 -> 0 | ... N58: =$B58/12 -> 0 | O58: =SUM(C58:N58) -> 0
A59: Information Technology Services | B59: ='Year 1'!B107 -> 0 | C59: =$B59/12 -> 0 | D59: =$B59/12 -> 0 | E59: =$B59/12 -> 0 | F59: =$B59/12 -> 0 | G59: =$B59/12 -> 0 | H59: =$B59/12 -> 0 | I59: =$B59/12 -> 0 | J59: =$B59/12 -> 0 | ... N59: =$B59/12 -> 0 | O59: =SUM(C59:N59) -> 0
A60: Media Services | B60: ='Year 1'!B115 -> 0 | C60: =$B60/12 -> 0 | D60: =$B60/12 -> 0 | E60: =$B60/12 -> 0 | F60: =$B60/12 -> 0 | G60: =$B60/12 -> 0 | H60: =$B60/12 -> 0 | I60: =$B60/12 -> 0 | J60: =$B60/12 -> 0 | ... N60: =$B60/12 -> 0 | O60: =SUM(C60:N60) -> 0
A61: Security Services | B61: ='Year 1'!B120 -> 0 | C61: =$B61/12 -> 0 | D61: =$B61/12 -> 0 | E61: =$B61/12 -> 0 | F61: =$B61/12 -> 0 | G61: =$B61/12 -> 0 | H61: =$B61/12 -> 0 | I61: =$B61/12 -> 0 | J61: =$B61/12 -> 0 | ... N61: =$B61/12 -> 0 | O61: =SUM(C61:N61) -> 0
A62: Non-DCSD Purchased Services
A63: ='Year 1'!A123 -> Fire/Security | B63: ='Year 1'!B123 -> 0 | C63: =$B63/12 -> 0 | D63: =$B63/12 -> 0 | E63: =$B63/12 -> 0 | F63: =$B63/12 -> 0 | G63: =$B63/12 -> 0 | H63: =$B63/12 -> 0 | I63: =$B63/12 -> 0 | J63: =$B63/12 -> 0 | ... N63: =$B63/12 -> 0 | O63: =SUM(C63:N63) -> 0
A64: ='Year 1'!A124 -> Water/Sewer | B64: ='Year 1'!B124 -> 0 | C64: =$B64/12 -> 0 | D64: =$B64/12 -> 0 | E64: =$B64/12 -> 0 | F64: =$B64/12 -> 0 | G64: =$B64/12 -> 0 | H64: =$B64/12 -> 0 | I64: =$B64/12 -> 0 | J64: =$B64/12 -> 0 | ... N64: =$B64/12 -> 0 | O64: =SUM(C64:N64) -> 0
A65: ='Year 1'!A125 -> Snow/Removal | B65: ='Year 1'!B125 -> 0 | C65: =$B65/12 -> 0 | D65: =$B65/12 -> 0 | E65: =$B65/12 -> 0 | F65: =$B65/12 -> 0 | G65: =$B65/12 -> 0 | H65: =$B65/12 -> 0 | I65: =$B65/12 -> 0 | J65: =$B65/12 -> 0 | ... N65: =$B65/12 -> 0 | O65: =SUM(C65:N65) -> 0
A66: ='Year 1'!A126 -> Natural Gas | B66: ='Year 1'!B126 -> 0 | C66: =$B66/12 -> 0 | D66: =$B66/12 -> 0 | E66: =$B66/12 -> 0 | F66: =$B66/12 -> 0 | G66: =$B66/12 -> 0 | H66: =$B66/12 -> 0 | I66: =$B66/12 -> 0 | J66: =$B66/12 -> 0 | ... N66: =$B66/12 -> 0 | O66: =SUM(C66:N66) -> 0
A67: ='Year 1'!A127 -> Electricity | B67: ='Year 1'!B127 -> 0 | C67: =$B67/12 -> 0 | D67: =$B67/12 -> 0 | E67: =$B67/12 -> 0 | F67: =$B67/12 -> 0 | G67: =$B67/12 -> 0 | H67: =$B67/12 -> 0 | I67: =$B67/12 -> 0 | J67: =$B67/12 -> 0 | ... N67: =$B67/12 -> 0 | O67: =SUM(C67:N67) -> 0
A68: ='Year 1'!A128 -> Lawn Care | B68: ='Year 1'!B128 -> 0 | C68: =$B68/12 -> 0 | D68: =$B68/12 -> 0 | E68: =$B68/12 -> 0 | F68: =$B68/12 -> 0 | G68: =$B68/12 -> 0 | H68: =$B68/12 -> 0 | I68: =$B68/12 -> 0 | J68: =$B68/12 -> 0 | ... N68: =$B68/12 -> 0 | O68: =SUM(C68:N68) -> 0
A69: ='Year 1'!A129 -> Trash | B69: ='Year 1'!B129 -> 0 | C69: =$B69/12 -> 0 | D69: =$B69/12 -> 0 | E69: =$B69/12 -> 0 | F69: =$B69/12 -> 0 | G69: =$B69/12 -> 0 | H69: =$B69/12 -> 0 | I69: =$B69/12 -> 0 | J69: =$B69/12 -> 0 | ... N69: =$B69/12 -> 0 | O69: =SUM(C69:N69) -> 0
A70: ='Year 1'!A130 -> Custodial | B70: ='Year 1'!B130 -> 0 | C70: =$B70/12 -> 0 | D70: =$B70/12 -> 0 | E70: =$B70/12 -> 0 | F70: =$B70/12 -> 0 | G70: =$B70/12 -> 0 | H70: =$B70/12 -> 0 | I70: =$B70/12 -> 0 | J70: =$B70/12 -> 0 | ... N70: =$B70/12 -> 0 | O70: =SUM(C70:N70) -> 0
A71: ='Year 1'!A131 -> Facility Lease | B71: ='Year 1'!B131 -> 0 | C71: =$B71/12 -> 0 | D71: =$B71/12 -> 0 | E71: =$B71/12 -> 0 | F71: =$B71/12 -> 0 | G71: =$B71/12 -> 0 | H71: =$B71/12 -> 0 | I71: =$B71/12 -> 0 | J71: =$B71/12 -> 0 | ... N71: =$B71/12 -> 0 | O71: =SUM(C71:N71) -> 0
A72: ='Year 1'!A132 -> Rental of Land and Building | B72: ='Year 1'!B132 -> 0 | C72: =$B72/12 -> 0 | D72: =$B72/12 -> 0 | E72: =$B72/12 -> 0 | F72: =$B72/12 -> 0 | G72: =$B72/12 -> 0 | H72: =$B72/12 -> 0 | I72: =$B72/12 -> 0 | J72: =$B72/12 -> 0 | ... N72: =$B72/12 -> 0 | O72: =SUM(C72:N72) -> 0
A73: ='Year 1'!A133 -> Rental of Equipment | B73: ='Year 1'!B133 -> 0 | C73: =$B73/12 -> 0 | D73: =$B73/12 -> 0 | E73: =$B73/12 -> 0 | F73: =$B73/12 -> 0 | G73: =$B73/12 -> 0 | H73: =$B73/12 -> 0 | I73: =$B73/12 -> 0 | J73: =$B73/12 -> 0 | ... N73: =$B73/12 -> 0 | O73: =SUM(C73:N73) -> 0
A74: ='Year 1'!A134 -> Repairs and Maintenance | B74: ='Year 1'!B134 -> 0 | C74: =$B74/12 -> 0 | D74: =$B74/12 -> 0 | E74: =$B74/12 -> 0 | F74: =$B74/12 -> 0 | G74: =$B74/12 -> 0 | H74: =$B74/12 -> 0 | I74: =$B74/12 -> 0 | J74: =$B74/12 -> 0 | ... N74: =$B74/12 -> 0 | O74: =SUM(C74:N74) -> 0
... A90: ='Year 1'!A150 -> Other | B90: ='Year 1'!B150 -> 0 | C90: =$B90/12 -> 0 | D90: =$B90/12 -> 0 | E90: =$B90/12 -> 0 | F90: =$B90/12 -> 0 | G90: =$B90/12 -> 0 | H90: =$B90/12 -> 0 | I90: =$B90/12 -> 0 | J90: =$B90/12 -> 0 | ... N90: =$B90/12 -> 0 | O90: =SUM(C90:N90) -> 0
A91: Supplies and Materials
A92: ='Year 1'!A154 -> General Supplies | B92: ='Year 1'!B154 -> 0 | C92: =$B92/12 -> 0 | D92: =$B92/12 -> 0 | E92: =$B92/12 -> 0 | F92: =$B92/12 -> 0 | G92: =$B92/12 -> 0 | H92: =$B92/12 -> 0 | I92: =$B92/12 -> 0 | J92: =$B92/12 -> 0 | ... N92: =$B92/12 -> 0 | O92: =SUM(C92:N92) -> 0
A93: ='Year 1'!A155 -> Office Supplies | B93: ='Year 1'!B155 -> 0 | C93: =$B93/12 -> 0 | D93: =$B93/12 -> 0 | E93: =$B93/12 -> 0 | F93: =$B93/12 -> 0 | G93: =$B93/12 -> 0 | H93: =$B93/12 -> 0 | I93: =$B93/12 -> 0 | J93: =$B93/12 -> 0 | ... N93: =$B93/12 -> 0 | O93: =SUM(C93:N93) -> 0
A94: ='Year 1'!A156 -> Textbooks | B94: ='Year 1'!B156 -> 0 | C94: =$B94/12 -> 0 | D94: =$B94/12 -> 0 | E94: =$B94/12 -> 0 | F94: =$B94/12 -> 0 | G94: =$B94/12 -> 0 | H94: =$B94/12 -> 0 | I94: =$B94/12 -> 0 | J94: =$B94/12 -> 0 | ... N94: =$B94/12 -> 0 | O94: =SUM(C94:N94) -> 0
A95: ='Year 1'!A157 -> Software | B95: ='Year 1'!B157 -> 0 | C95: =$B95/12 -> 0 | D95: =$B95/12 -> 0 | E95: =$B95/12 -> 0 | F95: =$B95/12 -> 0 | G95: =$B95/12 -> 0 | H95: =$B95/12 -> 0 | I95: =$B95/12 -> 0 | J95: =$B95/12 -> 0 | ... N95: =$B95/12 -> 0 | O95: =SUM(C95:N95) -> 0
A96: ='Year 1'!A158 -> Food | B96: ='Year 1'!B158 -> 0 | C96: =$B96/12 -> 0 | D96: =$B96/12 -> 0 | E96: =$B96/12 -> 0 | F96: =$B96/12 -> 0 | G96: =$B96/12 -> 0 | H96: =$B96/12 -> 0 | I96: =$B96/12 -> 0 | J96: =$B96/12 -> 0 | ... N96: =$B96/12 -> 0 | O96: =SUM(C96:N96) -> 0
A97: Property
A98: ='Year 1'!A162 -> Technology | B98: ='Year 1'!B162 -> 0 | C98: =$B98/12 -> 0 | D98: =$B98/12 -> 0 | E98: =$B98/12 -> 0 | F98: =$B98/12 -> 0 | G98: =$B98/12 -> 0 | H98: =$B98/12 -> 0 | I98: =$B98/12 -> 0 | J98: =$B98/12 -> 0 | ... N98: =$B98/12 -> 0 | O98: =SUM(C98:N98) -> 0
A99: ='Year 1'!A163 -> Fixtures and Furniture Classroom | B99: ='Year 1'!B163 -> 0 | C99: =$B99/12 -> 0 | D99: =$B99/12 -> 0 | E99: =$B99/12 -> 0 | F99: =$B99/12 -> 0 | G99: =$B99/12 -> 0 | H99: =$B99/12 -> 0 | I99: =$B99/12 -> 0 | J99: =$B99/12 -> 0 | ... N99: =$B99/12 -> 0 | O99: =SUM(C99:N99) -> 0
A100: ='Year 1'!A164 -> Fixtures and Furniture Office | B100: ='Year 1'!B164 -> 0 | C100: =$B100/12 -> 0 | D100: =$B100/12 -> 0 | E100: =$B100/12 -> 0 | F100: =$B100/12 -> 0 | G100: =$B100/12 -> 0 | H100: =$B100/12 -> 0 | I100: =$B100/12 -> 0 | J100: =$B100/12 -> 0 | ... N100: =$B100/12 -> 0 | O100: =SUM(C100:N100) -> 0
A101: ='Year 1'!A165 -> Non-Capital Equipment | B101: ='Year 1'!B165 -> 0 | C101: =$B101/12 -> 0 | D101: =$B101/12 -> 0 | E101: =$B101/12 -> 0 | F101: =$B101/12 -> 0 | G101: =$B101/12 -> 0 | H101: =$B101/12 -> 0 | I101: =$B101/12 -> 0 | J101: =$B101/12 -> 0 | ... N101: =$B101/12 -> 0 | O101: =SUM(C101:N101) -> 0
A102: Other Objects
A103: ='Year 1'!A169 -> Dues and Fees | B103: ='Year 1'!B169 -> 0 | C103: =$B103/12 -> 0 | D103: =$B103/12 -> 0 | E103: =$B103/12 -> 0 | F103: =$B103/12 -> 0 | G103: =$B103/12 -> 0 | H103: =$B103/12 -> 0 | I103: =$B103/12 -> 0 | J103: =$B103/12 -> 0 | ... N103: =$B103/12 -> 0 | O103: =SUM(C103:N103) -> 0
A104: ='Year 1'!A170 -> Interest and Service Charges | B104: ='Year 1'!B170 -> 0 | C104: =$B104/12 -> 0 | D104: =$B104/12 -> 0 | E104: =$B104/12 -> 0 | F104: =$B104/12 -> 0 | G104: =$B104/12 -> 0 | H104: =$B104/12 -> 0 | I104: =$B104/12 -> 0 | J104: =$B104/12 -> 0 | ... N104: =$B104/12 -> 0 | O104: =SUM(C104:N104) -> 0
A105: Total Expenditures | B105: =SUM(B27:B104) -> 0 | C105: =SUM(C27:C104) -> 0 | D105: =SUM(D27:D104) -> 0 | E105: =SUM(E27:E104) -> 0 | F105: =SUM(F27:F104) -> 0 | G105: =SUM(G27:G104) -> 0 | H105: =SUM(H27:H104) -> 0 | I105: =SUM(I27:I104) -> 0 | ... N105: =SUM(N27:N104) -> 0 | O105: =SUM(C105:N105) -> 0
A107: TABOR Reserve | B107: ='Year 1'!B178 -> 0 | C107: =$B107/12 -> 0 | D107: =$B107/12 -> 0 | E107: =$B107/12 -> 0 | F107: =$B107/12 -> 0 | G107: =$B107/12 -> 0 | H107: =$B107/12 -> 0 | I107: =$B107/12 -> 0 | J107: =$B107/12 -> 0 | ... N107: =$B107/12 -> 0 | O107: =SUM(C107:N107) -> 0
A109: Monthly Surplus/Deficit | C109: =C24-C105-C107 -> 0 | D109: =D24-D105-D107+C109 -> 0 | E109: =E24-E105-E107+D109 -> 0 | F109: =F24-F105-F107+E109 -> 0 | G109: =G24-G105-G107+F109 -> 0 | H109: =H24-H105-H107+G109 -> 0 | I109: =I24-I105-I107+H109 -> 0 | J109: =J24-J105-J107+I109 -> 0 | K109: =K24-K105-K107+J109 -> 0 | ... N109: =N24-N105-N107+M109 -> 0
A154: Revenue Check | B154: ='Year 1'!B28-'Cash Flow Year 1'!B24 -> 0
A155: Expense Check | B155: =('Year 1'!B195-('Year 1'!B34*Assumptions!C62)*2/12-('Year 1'!B34*Assumptions!C63)*2/12-Assumptions!$C$45*Assumptions!C64*2/12-Assumptions!$C$45*Assumptions!C65*2/12-Assumptions!$C$45*Assumptions!C66*2/12-Assumptions!$C$45*Assumptions!C67*2/12-Assumptions!$C$45*Assumptions!C68*2/12-'Year 1'!B34*(2/12))-B105 -> 0
